 Dungeon Crawl Stone Soup version 0.28.0-53-g5a82cb258f (webtiles) character file.

Game seed: 11508365105505433103

950404 TinSoldier the Cryomancer (level 27, -13/441 (453) HPs)
             Began as a Demonspawn Ice Elementalist on June 5, 2022.
             Was a High Priest of Ashenzari.
             Mangled by Qaezuely the pandemonium lord (20 damage)
             ... on level 18 of a ziggurat on June 6, 2022.
             The game lasted 06:39:25 (104370 turns).

TinSoldier the Cryomancer (DsIE)                  Turns: 104370, Time: 06:39:26

HP:   -13/441 (453) AC: 20    Str: 18    XL:     27
MP:   60/60         EV: 18    Int: 45    God:    Ashenzari [*****.]
Gold: 4178          SH: 26    Dex: 17    Spells: 2/72 levels left

rFire   + + .      SeeInvis +   s - +9 flail of the Sublime Nihilism {freeze, Str+7, Evo, Elem} (curse)
rCold   + + +      Faith    .   u - +3 kite shield of Ashenzari's Sun {AC+3, Elem, Fort} (curse)
rNeg    + + .      Spirit   .   A - +8 fire dragon scales of Star-Bound Wisdom {rF++ rC-, Self, Bglg} (curse)
rPois   .          Reflect  .   m - +3 hat of Pondering {ponderous, Will+ MP+10 Int+5, Elem, Fort} (curse)
rElec   +          Harm     .   G - +2 cloak of the Unyielding Gaze {Evo, Melee} (curse)
rCorr   +          Rampage  .   (gloves unavailable)
Will    ++++.      Clarity  +   r - +2 pair of boots of Supernal Understanding {Drain rC+++ Str-2 Int+4, Melee, Elem} (curse)
Stlth   ..........              t - amulet "Plog" {RegenMP rElec Regen+ Dex+2}
HPRegen 1.63/turn               X - ring of Ashenzari's Sun {rN+ Int+7, Alch, Comp} (curse)
MPRegen 0.77/turn               F - ring "Ensconced Sorrow" {rC+ rN+ rCorr Int+4, Cun, Comp} (curse)

@: berserking (expiring), corroded, hasted, studying 5 skills, silenced, lightly
drained, very quick
A: large bone plates 3, icemail 2, robust 3, spiny 3, condensation shield,
demonic touch 3, clarity, strong-willed 1
}: 8/15 runes: serpentine, barnacled, slimy, silver, abyssal, demonic, fiery,
dark
a: Renounce Religion, Shatter the Chains


You were on level 18 of a ziggurat.
You worshipped Ashenzari.
Ashenzari was extremely pleased with you.
You visited 13 branches of the dungeon, and saw 58 of its levels.
You visited Pandemonium 1 time, and saw 10 of its levels.
You visited the Abyss 2 times.
You visited 1 ziggurat, and saw 18 of its levels.
You also visited: Trove, Bailey, Gauntlet and Wizlab.

You collected 13176 gold pieces.
You spent 8998 gold pieces at shops.

Inventory:

Hand Weapons
 s - the cursed +9 flail of the Sublime Nihilism (weapon) {freeze, Str+7, Evo, Elem}
   (You found it in a Gauntlet)

   It freezes those it strikes, dealing additional cold damage.
   It can also slow down cold-blooded creatures.
   Str:       It affects your strength (+7).
   It has a curse which improves the following skills: Evocations: Evocations.
   Elements:  Fire Magic, Ice Magic, Air Magic and Earth Magic.
Missiles
 U - 4 silver javelins
Armour
 m - the cursed +3 hat of Pondering (worn) {ponderous, Will+ MP+10 Int+5, Elem, Fort}
   (You took it off Gastronok on level 2 of the Lair of Beasts)

   Int:       It affects your intelligence (+5).
   MP:        It affects your magic capacity (+10).
   Will:      It increases your willpower.
   It has a curse which improves the following skills: Elements: Fire Magic, Ice
   Magic, Air Magic and Earth Magic.
   Fortitude: Armour and Shields.
 r - the cursed +2 pair of boots of Supernal Understanding (worn) {Drain rC+++ Str-2 Int+4, Melee, Elem}
   (You bought it in a shop on level 3 of the Vaults)

   Str:       It affects your strength (-2).
   Int:       It affects your intelligence (+4).
   rC:        It renders you almost immune to cold.
   Drain:     It drains your maximum health when unequipped.
   It has a curse which improves the following skills: Melee Combat: Short
   Blades, Long Blades, Axes, Maces & Flails, Polearms, Staves and Unarmed
   Combat.
   Elements:  Fire Magic, Ice Magic, Air Magic and Earth Magic.
 u - the cursed +3 kite shield of Ashenzari's Sun (worn) {AC+3, Elem, Fort}
   (You bought it in a shop on level 3 of the Shoals)

   It has a curse which improves the following skills: Elements: Fire Magic, Ice
   Magic, Air Magic and Earth Magic.
   Fortitude: Armour and Shields.
 A - the cursed +8 fire dragon scales of Star-Bound Wisdom (worn) {rF++ rC-, Self, Bglg}
   (You found it on level 6 of the Lair of Beasts)

   rF:        It greatly protects you from fire.
   rC:        It makes you vulnerable to cold.
   It has a curse which improves the following skills: Introspection: Fighting
   and Spellcasting.
   Beguiling: Conjurations, Hexes and Translocations.
 G - the cursed +2 cloak of the Unyielding Gaze (worn) {Evo, Melee}
   (You bought it in a shop on level 2 of the Snake Pit)

   It has a curse which improves the following skills: Evocations: Evocations.
   Melee Combat: Short Blades, Long Blades, Axes, Maces & Flails, Polearms,
   Staves and Unarmed Combat.
Magical Staves
 p - a staff of earth
Jewellery
 t - the amulet "Plog" (around neck) {RegenMP rElec Regen+ Dex+2}
   (You found it on level 7 of a ziggurat)

   [amulet of magic regeneration]

   It increases your rate of magic regeneration.
   Dex:       It affects your dexterity (+2).
   rElec:     It insulates you from electricity.
   Regen:     It increases your rate of health regeneration.
 F - the cursed ring "Ensconced Sorrow" (right hand) {rC+ rN+ rCorr Int+4, Cun, Comp}
   (You found it in a treasure trove)

   [ring of positive energy]

   Int:       It affects your intelligence (+4).
   rC:        It protects you from cold.
   rN:        It protects you from negative energy.
   rCorr:     It protects you from acid and corrosion.
   It has a curse which improves the following skills: Cunning: Dodging and
   Stealth.
   Companions: Summonings and Necromancy.
 J - the ring "Rehyi" {Int+7 Dex+6 Stlth-}
   (You found it on level 10 of a ziggurat)

   [ring of dexterity]

   Int:       It affects your intelligence (+7).
   Dex:       It affects your dexterity (+6).
   Stlth:     It makes you less stealthy.
 M - the ring "Yrregehu" {+Blink rN+ rCorr Dex+3}
   (You found it on level 12 of a ziggurat)

   [ring of positive energy]

   Dex:       It affects your dexterity (+3).
   rN:        It protects you from negative energy.
   +Blink:    It lets you blink.
   rCorr:     It protects you from acid and corrosion.
 X - the cursed ring of Ashenzari's Sun (left hand) {rN+ Int+7, Alch, Comp}
   (You found it in a treasure trove)

   [ring of positive energy]

   Int:       It affects your intelligence (+7).
   rN:        It protects you from negative energy.
   It has a curse which improves the following skills: Alchemy: Poison Magic and
   Transmutations.
   Companions: Summonings and Necromancy.
Wands
 a - a wand of digging (15)
 v - a wand of iceblast (70)
 H - a wand of acid (31)
Scrolls
 c - 6 scrolls of torment
 e - 3 scrolls of enchant armour
 g - 3 scrolls of amnesia
 h - 12 scrolls of fear
 o - 10 scrolls of silence
 w - a scroll of noise
 y - 28 scrolls of teleportation
 z - 28 scrolls of fog
 D - 6 scrolls of summoning
 I - 7 scrolls of enchant weapon
 K - 3 scrolls of vulnerability
 L - 17 scrolls of blinking
 N - 10 scrolls of immolation
 V - a scroll of brand weapon
 W - 16 scrolls of magic mapping
Potions
 d - 8 potions of attraction
 f - 8 potions of resistance
 i - 8 potions of brilliance
 k - 35 potions of curing
 l - 17 potions of mutation
 n - 9 potions of flight
 x - 15 potions of heal wounds
 B - 7 potions of cancellation
 C - 3 potions of magic
 P - 6 potions of ambrosia
 Q - 8 potions of berserk rage
 T - 4 potions of haste
 Y - 16 potions of might


   Skills:
 + Level 20.4(22.4) Fighting
 - Level 4.5(7.7) Long Blades
 - Level 4.7(8.0) Maces & Flails
 - Level 13.0 Throwing
 + Level 16.1(19.4) Armour
 + Level 15.6(17.8) Dodging
 - Level 1.7(3.4) Stealth
 + Level 15.9(19.3) Shields
 + Level 21.3(23.3) Spellcasting
 - Level 12.6(14.8) Conjurations
 - Level 5.6(9.0) Summonings
 - Level 22.7(25.8) Necromancy
 - Level 3.9(6.0) Translocations
 - Level 12.4(14.6) Transmutations
 - Level 23.0(27) Ice Magic
 - Level 6.7(12.1) Air Magic
 - Level 20.5(25.6) Earth Magic
 - Level 6.0(9.5) Evocations


You had 2 spell levels left.
You knew the following spells:

 Your Spells              Type           Power      Damage    Failure   Level
a - Borgnjor's Vile Clut  Necr/Erth      68%        N/A       0%          5
b - Polar Vortex          Ice            69%        N/A       1%          9
c - Ozocubu's Armour      Ice            100%       N/A       0%          3
d - Ozocubu's Refrigerat  Ice            69%        4d18      0%          7
e - Shatter               Erth           68%        3d50*     3%          9
f - Swiftness             Air            100%       N/A       1%          3
g - Blink                 Tloc           100%       N/A       1%          2
h - Passage of Golubria   Tloc           82%        N/A       1%          4
i - Apportation           Tloc           100%       N/A       1%          1
j - Passwall              Tmut/Erth      100%       N/A       0%          2
l - Death's Door          Necr           68%        N/A       2%          9
m - Necromutation         Tmut/Necr      62%        N/A       1%          8
p - Borgnjor's Revivific  Necr           68%        N/A       1%          8

Your spell library contained the following spells:

 Spells                   Type           Power      Damage    Failure   Level
 Animate Skeleton         Necr           100%       N/A       0%          1
 Beastly Appendage        Tmut           100%       N/A       0%          1
 Freeze                   Ice            100%       1d11      0%          1
 Magic Dart               Conj           100%       1d8       0%          1
 Pain                     Necr           100%       1d9       0%          1
 Sandblast                Erth           100%       2d20      0%          1
 Shock                    Conj/Air       100%       1d9       0%          1
 Corpse Rot               Necr/Air       100%       N/A       0%          2
 Ensorcelled Hibernation  Hex/Ice        100%       N/A       0%          2
 Searing Ray              Conj           100%       2d8       0%          2
 Sublimation of Blood     Necr           100%       N/A       0%          2
 Wereblood                Tmut           100%       N/A       0%          2
 Foxfire                  Conj/Fire      100%       2x1d9     1%          1
 Slow                     Hex            100%       N/A       1%          1
 Summon Small Mammal      Summ           100%       N/A       1%          1
 Call Imp                 Summ           94%        N/A       1%          2
 Poisonous Vapours        Pois/Air       100%       N/A       1%          2
 Scorch                   Fire           100%       2d10      1%          2
 Frozen Ramparts          Ice            100%       1d12      0%          3
 Stone Arrow              Conj/Erth      100%       3d13      0%          3
 Vampiric Draining        Necr           100%       2d13      0%          3
 Animate Dead             Necr           68%        N/A       0%          4
 Dispel Undead            Necr           100%       3d31      0%          4
 Hailstorm                Conj/Ice       100%       3d20      0%          4
 Ice Form                 Ice/Tmut       100%       N/A       0%          4
 Petrify                  Tmut/Erth      100%       N/A       0%          4
 Summon Ice Beast         Ice/Summ       100%       N/A       0%          4
 Excruciating Wounds      Necr           68%        N/A       0%          5
 Lee's Rapid Deconstruct  Erth           68%        3d32*     0%          5
 Death Channel            Necr           68%        N/A       0%          6
 Simulacrum               Ice/Necr       69%        N/A       0%          6
 Call Canine Familiar     Summ           94%        N/A       1%          3
 Conjure Flame            Conj/Fire      89%        6-21      1%          3
 Gell's Gravitas          Tloc           82%        N/A       1%          3
 Ignite Poison            Fire/Tmut/Pois 79%        N/A       1%          3
 Lesser Beckoning         Tloc           82%        N/A       1%          3
 Mephitic Cloud           Conj/Pois/Air  94%        N/A       1%          3
 Portal Projectile        Hex/Tloc       100%       N/A       1%          3
 Spider Form              Tmut/Pois      88%        N/A       1%          3
 Summon Guardian Golem    Hex/Summ       76%        N/A       1%          3
 Teleport Other           Tloc           82%        N/A       1%          3
 Airstrike                Air            52%        N/A       1%          4
 Anguish                  Hex/Necr       53%        N/A       1%          4
 Flame Wave               Conj/Fire      89%        2d15      1%          4
 Fulminant Prism          Conj/Hex       44%        3d20      1%          4
 Leda's Liquefaction      Hex/Erth       53%        N/A       1%          4
 Sticky Flame             Conj/Fire      89%        2d10      1%          4
 Summon Lightning Spire   Summ/Air       99%        N/A       1%          4
 Alistair's Intoxication  Tmut/Pois      58%        N/A       1%          5
 Blade Hands              Tmut           55%        N/A       1%          5
 Fireball                 Conj/Fire      44%        3d18      1%          5
 Freezing Cloud           Conj/Ice/Air   60%        6-21      1%          5
 Irradiate                Conj/Tmut      55%        3d32      1%          5
 Iskenderun's Battlesphe  Conj           100%       2d15      1%          5
 Lightning Bolt           Conj/Air       54%        1d75      1%          5
 Metabolic Englaciation   Hex/Ice        54%        N/A       1%          5
 Summon Forest            Summ/Tloc      44%        N/A       1%          5
 Yara's Violent Unravell  Hex/Tmut       44%        3d17      1%          5
 Conjure Ball Lightning   Conj/Air       54%        3x3d20    1%          6
 Iron Shot                Conj/Erth      62%        9d12      1%          6
 Statue Form              Tmut/Erth      83%        N/A       1%          6
 Haunt                    Necr/Summ      59%        N/A       1%          7
 Orb of Destruction       Conj           56%        9d14      1%          7
 Infestation              Necr           68%        N/A       1%          8
 Lehudib's Crystal Spear  Conj/Erth      62%        10d14     1%          8
 Confusing Touch          Hex            53%        N/A       2%          3
 Inner Flame              Hex/Fire       55%        N/A       2%          3
 Tukima's Dance           Hex            53%        N/A       2%          3
 Manifold Assault         Tloc           82%        N/A       2%          5
 Silence                  Hex/Air        41%        N/A       2%          5
 Summon Cactus Giant      Summ           47%        N/A       3%          6
 Storm Form               Tmut/Air       53%        N/A       3%          7
 Summon Mana Viper        Hex/Summ       76%        N/A       4%          5
 Cause Fear               Hex            26%        N/A       10%         4
 Dispersal                Tloc           41%        N/A       14%         6
 Monstrous Menagerie      Summ           47%        N/A       22%         7
 Summon Hydra             Summ           47%        N/A       22%         7
 Malign Gateway           Summ/Tloc      44%        N/A       38%         7
 Maxwell's Capacitive Co  Air            52%        ∞         43%         8
 Summon Horrible Things   Summ           47%        N/A       86%         8
 Disjunction              Tloc           41%        N/A       99%         8
 Chain Lightning          Conj/Air       54%        3d72      99%         9
 Enfeeble                 Hex            26%        N/A       100%        7
 Discord                  Hex            26%        N/A       100%        8
 Fire Storm               Conj/Fire      44%        8d11      100%        9


Dungeon Overview and Level Annotations

Branches:
Dungeon (15/15)            Temple (1/1) D:6            Lair (6/6) D:8
 Shoals (4/4) Lair:4        Snake (4/4) Lair:2        Slime (5/5) Lair:6
    Orc (2/2) D:9             Elf (3/3) Orc:2        Vaults (5/5) D:14
  Crypt (3/3) Vaults:3       Tomb (0/3) Crypt:3      Depths (4/4) D:15
   Hell (visited)             Dis (0/7) Hell            Geh (0/7) Hell
    Coc (0/7) Hell            Tar (0/7) Hell            Zot (5/5) Depths:4
 Bailey (visited)          WizLab (visited)         Gauntlet (visited)

Altars:
Ashenzari
Cheibriados
Dithmenos
Elyvilon
Fedhas
Gozag
Hepliaklqana
Kikubaaqudgha
Makhleb
Nemelex Xobeh
Okawaru
Qazlal
Ru
Sif Muna
Trog
Uskayaw
Vehumet
Wu Jian
Xom
Yredelemnul
Zin
The Shining One
Beogh

Shops:
D:2 =   D:10 *   D:12 **[?   D:13 ?(:   Orc:1 [   Orc:2 :(*   Elf:3 =
Shoals:3 [(*:   Snake:2 *   Snake:3 =   Vaults:3 [   Zot:5 *   Depths:2 *(

Portals:
Hell: Depths:1 Depths:2 Depths:3 Depths:4
Abyss: Depths:3
Pandemonium: Orc:2 Depths:2 Depths:3

Annotations:
D:11 exclusion: orange crystal statue
Lair:5 2 transporters, nonnadibruder's ghost, journeyman MiBe


Innate Abilities, Weirdness & Mutations

You are completely covered in large bone plates. (SH +8)
A meltable icy envelope protects you from harm. (AC +0)
You are extremely robust. (+30% HP)
You are completely covered in sharp spines.
A meltable shield of frost defends you. (SH +0)
Your touch may irresistibly damage your foes and sap their willpower.
You possess an exceptional clarity of mind.
You are strong-willed. (Will+)


Message History

The sixfirhy dies!
The sixfirhy disappears in a puff of smoke!
You block Qaezuely's attack. Oruitim hits you but does no damage.
Gobyiwul gestures.
A dragon appears.
Ennoatis splashes you but does no damage.
You block Upeifoh's attack. Fifyill is struck by your spines. Fifyill hits you.
* * * LOW HITPOINT WARNING * * *
The Killer Klown blinks!
The iron dragon is struck by your spines.
The iron dragon barely misses you. The iron dragon closely misses you.
The iron dragon barely misses you.
The shadow dragon is struck by your spines.
The shadow dragon bites you but does no damage.
You block the shadow dragon's attack.
The shadow dragon completely misses you.
Unknown command.
You hit the shadow dragon.
The shadow dragon is lightly wounded.
Qaezuely splashes you. You block Gobyiwul's attack.
Fifyill is struck by your spines. Fifyill barely misses you.
You block Oruitim's attack.
The neqoxec is engulfed in blazing flames.
The neqoxec dies!
The neqoxec disappears in a puff of smoke!
You block Ennoatis's attack. You block Upeifoh's attack.
Todim gestures.
Qaezuely barely misses you.
A chaos spawn comes into view.
You thump the shadow dragon!
The shadow dragon is moderately wounded.
You are engulfed in blazing flames.
You resist.
The large abomination disappears in a puff of smoke! x2
Fifyill closely misses you. You block Gobyiwul's attack.
Oruitim gestures at you. You resist with almost no effort.
Ennoatis splashes you but does no damage.
You block Upeifoh's attack. Qaezuely is struck by your spines.
Qaezuely splashes you!!
You die...

, ..........▓▓
,,,,...........▓▓ *
, ,............▓▓ *
.............▓▓▓▓▓ ,
,,
....s......†..▓▓▓▓ ,
,.4....555......▓▓▓
, ,
....X5X3345...∩.▓▓ ,
.†...5X&&D5....▓▓▓
,,,
,,....§4&&@&&p..▓▓▓▓
, ,
,....X5p&&D2..▓▓▓▓▓
* ,,,
,....§XXp2§..▓▓▓ ,,
......D.X..▓▓
**,,,..........▓▓ **
,.........▓▓ *
▓▓▓▓▓▓▓▓▓▓


You could see Ennoatis (clouds, unsilenced), Fifyill (fast, unsilenced),
Gobyiwul (unsilenced), Oruitim (silencing, unsilenced), Plog (unsilenced),
Qaezuely (unsilenced), Todim (unsilenced), Upeifoh (unsilenced), 3 Killer
Klowns, a shadow dragon (summoned, unsilenced, catching breath), a tentacled
monstrosity (summoned), an iron dragon (summoned, unsilenced), a storm dragon
(summoned, unsilenced), a hell beast (summoned), a blizzard demon (summoned,
unsilenced), a wolf spider, 6 large abominations, an ice devil (summoned), a
sixfirhy (summoned), a ynoxinul (summoned, unsilenced), 2 chaos spawn and 8
ufetubi.

Vanquished Creatures
  the Royal Jelly (Slime:5)
  Dissolution (Slime:5)
  Gloorx Vloq (Pan)
  3 dread liches
  The ghost of jazmu the Conqueror, a legendary FoFi of Makhleb (Zot:1)
  9 ancient liches
  7 orbs of fire
  Mara (Snake:3)
  2 juggernauts (Depths:4)
  Sojobo (Depths:4)
  A royal mummy (Zig:6)
  Bai Suzhen (Depths:2)
  Frederick (Depths:4)
  Boris (Vaults:3)
  6 Killer Klowns
  Xtahua (Depths:4)
  A shard shrike (Zig:7)
  A curse toe (Zot:3)
  Geryon (Hell)
  A caustic shrike (Zig:5)
  10 golden dragons
  Nikola (Shoals:1)
  5 bone dragons
  6 pearl dragons
  3 Brimstone Fiends
  6 Tzitzimimeh
  A hellephant (Zig:3)
  22 tentacled monstrosities
  7 electric golems
  3 Ice Fiends
  Jorgrun (Orc:1)
  Mlioglotl (Shoals:4)
  7 Hell Sentinels (Pan)
  A searing wretch (Zig:3)
  25 Orb Guardians (Zot:5)
  14 quicksilver dragons
  10 pandemonium lords
  4 liches
  A shard shrike skeleton (Crypt:1)
  The ghost of SHADDY the Bludgeoner, an adept DsGl of Ashenzari (Elf:3)
  6 titans
  2 deep elf master archers (Elf:3)
  28 acid blobs
  2 deep elf blademasters (Elf:3)
  4 krakens (Shoals:2)
  7 death cobs
  Polyphemus (Shoals:4)
  Gastronok (Lair:2)
  Frances (Shoals:1)
  Murray (Hell)
  16 ancient champions
  6 tentacled starspawn (Abyss:4)
  A sphinx (shapeshifter) (D:15)
  30 Executioners
  6 sphinxes
  Agnes (D:14)
  11 rockslimes
  8 shadow dragons
  5 tengu reavers
  12 storm dragons
  12 revenants
  9 nagarajas
  A fenstrider witch (shapeshifter) (Vaults:5)
  11 daevas
  8 demonspawn warmongers
  7 draconian knights
  5 draconian monks
  A nargun (Zig:7)
  24 azure jellies
  4 iron dragons
  6 ghost moths
  11 frost giants
  A spectral juggernaut (Crypt:3)
  21 balrugs
  5 draconian scorchers
  13 vault wardens
  6 fire giants
  11 cacodemons
  2 juggernaut zombies
  4 draconian shifters
  A spectral caustic shrike (Crypt:3)
  5 deep elf sorcerers (Elf:3)
  An orc warlord (Elf:2)
  The ghost of Ocimmien the Severer, a journeyman DDFi of Makhleb (Orc:1)
  12 stone giants
  17 quicksilver oozes
  5 draconian annihilators
  4 draconian stormcallers
  A caustic shrike skeleton (Hell)
  5 angels
  11 curse skulls
  5 very ugly things
  7 demonspawn corrupters
  5 ghouls
  2 deep elf elementalists (Elf:3)
  23 ironbound preservers
  3 demonspawn blood saints
  18 reapers
  8 ironbound thunderhulks
  4 apis
  5 war gargoyles
  9 green draconians
  Nessos (Lair:4)
  19 vampire knights
  7 demonspawn black suns
  5 black draconians
  8 red draconians
  11 ophanim
  4 deep elf demonologists
  4 bennus
  6 white draconians
  9 deep elf annihilators
  A minotaur (Gauntlet)
  11 yellow draconians
  19 lorocyprocas
  2 entropy weavers
  An entropy weaver (shapeshifter) (Vaults:5)
  2 wendigos (Zig:7)
  3 dire elephants (Vaults:4)
  4 spark wasps (Depths:3)
  8 purple draconians
  An iron golem (Hell)
  13 eidola
  9 blizzard demons
  10 deep elf death magi
  2 mummy priests (Zig:6)
  17 green deaths
  A spectral quicksilver dragon (Crypt:3)
  14 merfolk impalers
  6 fire dragons
  12 jiangshi
  10 merfolk javelineers
  Snorg (D:13)
  12 yaktaur captains
  11 deep elf high priests
  7 ettins
  6 rakshasas
  12 great orbs of eyes
  A spriggan zombie (Depths:1)
  9 hydras
  15 naga warriors
  2 spectral spriggans (Crypt:3)
  A demonspawn (Orc:2)
  8 ice dragons
  5 boulder beetles
  A caustic shrike simulacrum (Depths:1)
  3 catoblepae
  A peacekeeper (Vaults:2)
  11 centaur warriors
  An anaconda (shapeshifter) (Vaults:5)
  24 vault guards (Vaults:5)
  A hell beast (Pan)
  7 spriggan air magi
  3 alligator snapping turtles
  10 salamander tyrants
  8 merfolk aquamancers
  10 ironbound frosthearts
  6 ogre magi
  4 death knights
  The ghost of IcySys the Arsonist, a journeyman OpFE of Gozag (D:11)
  2 death yaks
  2 fenstrider witch skeletons (Hell)
  4 satyrs
  5 tengu warriors
  3 merfolk avatars
  A death scarab (Zig:4)
  12 anacondas
  13 vampire magi
  6 holy swine (Pan)
  15 two-headed ogres
  5 deep troll shamans
  22 hell hogs (Hell)
  23 dancing weapons
  4 spriggan berserkers
  3 spectral stone giants (Crypt:3)
  A titan zombie (Crypt:1)
  25 thrashing horrors
  8 deep troll earth magi
  8 orc high priests
  96 sun demons
  Urug (Lair:4)
  11 shock serpents
  17 naga sharpshooters
  16 hell knights
  7 wretched stars (Abyss:4)
  8 salamander mystics
  2 titan skeletons
  14 deep elf knights
  83 soul eaters
  10 iron trolls
  6 spatial maelstroms (Abyss:5)
  13 sea snakes
  17 sixfirhies
  18 shadow wraiths
  29 skeletal warriors
  14 cherubim
  3 spectral bunyips (Crypt:3)
  2 anaconda zombies
  An iron giant zombie (Crypt:3)
  A sea snake (shapeshifter) (Vaults:5)
  2 bunyip zombies (Crypt:1)
  76 deep trolls
  6 glowing orange brains
  10 naga ritualists
  A kraken simulacrum (Hell)
  21 ironbound convokers
  A steelbarb worm (shapeshifter) (Zig:18)
  28 shadow demons
  A golden dragon zombie (Depths:1)
  3 spriggan simulacra
  14 flayed ghosts
  An orange crystal statue (Zig:17)
  2 spriggan druids
  31 harpies
  A golden dragon skeleton (Depths:1)
  Pikel (D:5)
  2 obsidian statues (Zig:17)
  A bog body (Crypt:2)
  23 deep elf pyromancers
  16 orc knights
  A bunyip skeleton (Crypt:1)
  16 lindwurms
  10 deep elf archers
  11 wizards
  25 deep elf zephyrmancers
  An iron giant skeleton (Crypt:3)
  A wolf spider (D:14)
  23 necromancers
  A mana viper (shapeshifter) (Vaults:5)
  19 phantasmal warriors
  An iron dragon zombie (Crypt:1)
  13 salamanders
  15 fauns
  16 mana vipers
  10 cyclopes
  16 manticores
  A fire giant zombie (Crypt:1)
  2 stone giant zombies
  10 shining eyes
  5 orc sorcerers
  53 ugly things
  13 merfolk sirens
  22 moths of wrath
  A spectral centaur (Crypt:3)
  2 worldbinders (Abyss:5)
  9 elephants
  19 vault sentinels
  Maurice (Orc:1)
  A frost giant skeleton (Crypt:1)
  10 rust devils
  2 dire elephant zombies (Hell)
  13 water nymphs
  2 fire giant skeletons
  A spectral alligator snapping turtle (Crypt:3)
  55 black mambas
  An elephant (shapeshifter) (Depths:2)
  A stone giant skeleton (Pan)
  6 torpor snails (Lair:6)
  A titan simulacrum (Crypt:1)
  6 apocalypse crabs
  29 smoke demons
  7 guardian serpents
  An iron dragon skeleton (Hell)
  An ice statue (Zig:17)
  24 naga magi
  20 orange demons
  7 eyes of devastation
  3 gargoyles
  Maggie (Lair:2)
  A centaur skeleton (Pan)
  15 komodo dragons
  2 dire elephant skeletons (Pan)
  11 cane toads
  6 hellions
  A shock serpent skeleton (Crypt:3)
  An unseen horror (Pan)
  15 demonic crawlers
  A yaktaur zombie (Vaults:1)
  4 rime drakes
  2 efreet
  26 freezing wraiths
  3 anaconda simulacra
  2 spectral harpies (Crypt:3)
  37 yaktaurs
  An alligator snapping turtle skeleton (Pan)
  3 ice devils
  5 hellwings (Pan)
  3 tormentors
  3 tengu conjurers (D:15)
  5 ancient zymes (Abyss:4)
  2 harpy zombies (Crypt:3)
  6 meliai
  A spectral naga (Crypt:3)
  6 trolls
  49 merfolk
  3 guardian mummies
  3 tyrant leeches (Lair:6)
  5 red devils (Pan)
  3 silent spectres (Abyss:4)
  3 hydra zombies
  12 polar bears
  A troll (shapeshifter) (D:13)
  11 hornets
  2 hydra skeletons (Hell)
  6 wind drakes
  A merfolk (shapeshifter) (Vaults:5)
  90 slime creatures
  21 dream sheep
  8 snapping turtles
  9 blink frogs
  A tarantella (Vaults:4)
  4 harpy skeletons
  18 raiju
  An ice dragon zombie (Crypt:3)
  An alligator zombie (Hell)
  A death drake skeleton (Crypt:2)
  2 ettin zombies (Crypt:1)
  A dream sheep (shapeshifter) (Depths:3)
  7 flying skulls (Crypt:1)
  40 ynoxinuls
  An ettin skeleton (Crypt:1)
  6 spriggan skeletons
  7 shadows
  2 spriggans (Depths:4)
  2 centaur simulacra
  6 wraiths
  A dire elephant simulacrum (Crypt:1)
  3 ushabtiu
  27 water elementals
  5 wyverns
  3 vampires
  An air elemental (Elf:1)
  A black mamba skeleton (Hell)
  67 yaks
  5 fire elementals
  A redback (shapeshifter) (Vaults:5)
  7 golden eyes
  2 redbacks (Vaults:2)
  49 chaos spawn
  2 steam dragons
  36 large abominations
  6 basilisks
  5 wargs
  Menkaure (D:5)
  3 vampire mosquitoes (D:12)
  22 neqoxecs
  3 naga zombies
  A harpy simulacrum (Crypt:3)
  A swamp worm (shapeshifter) (Vaults:5)
  10 spatial vortices (Abyss:5)
  3 acid dragons
  57 nagas
  3 hydra simulacra
  15 hell hounds (Lair:6)
  22 water moccasins
  3 naga skeletons
  45 orc warriors
  An ice beast (Vaults:3)
  A sky beast (D:6)
  12 black bears
  2 necrophages
  7 ogres
  20 wolves
  13 centaurs
  A human skeleton (Vaults:1)
  A phantom (D:5)
  2 lemures (D:5)
  3 kobold brigands
  2 nameless horrors (Orc:2)
  3 human zombies
  6 bullfrogs
  3 wyvern zombies
  5 small abominations
  5 earth elementals
  An elf skeleton (Crypt:2)
  3 scorpions
  A hornet simulacrum (D:13)
  A yak zombie (Crypt:2)
  12 killer bees
  10 wights
  7 electric eels
  4 howler monkeys
  6 crimson imps
  4 centaur zombies
  A wolf skeleton (Crypt:1)
  33 starcursed masses
  2 bullfrog skeletons
  A bullfrog zombie (D:6)
  3 hounds
  25 orc priests
  Crazy Yiuf (D:5)
  A gnoll shaman (D:6)
  2 iguanas
  Natasha (D:3)
  22 orc wizards
  19 hell rats
  A killer bee zombie (D:8)
  A deep dwarf skeleton (Crypt:3)
  A demigod skeleton (Crypt:2)
  2 tengu skeletons
  2 mummies (Zig:6)
  Robin (D:3)
  13 gnolls
  7 adders
  2 river rats
  2 shadow imps (Gauntlet)
  5 white imps
  2 ufetubi
  An adder skeleton (D:4)
  3 worms (D:2)
  4 dart slugs
  81 orcs
  4 ball pythons
  4 bats
  5 endoplasms
  7 giant cockroaches
  37 goblins
  16 hobgoblins
  12 jackals
  5 quokkas
  4 frilled lizards
  A goblin skeleton (Crypt:1)
  20 kobolds
  10 rats
  A rat skeleton (Crypt:3)
  A rat zombie (Crypt:3)
  A creeping inferno (Hell)
  4 fire vortices (Hell)
  A lurking horror (Abyss:5)
  6 starspawn tentacles
  10 tentacles (Shoals:2)
3739 creatures vanquished.

Vanquished Creatures (collateral kills)
  An iron dragon (Elf:1)
  An ironbound thunderhulk (Vaults:1)
  A salamander tyrant (Snake:2)
  A hydra (Lair:6)
  A merfolk aquamancer (Shoals:2)
  2 death yaks (Shoals:4)
  3 orc high priests (Orc:2)
  An orc knight (Orc:2)
  A shadow dragon zombie (Vaults:1)
  A salamander (Snake:2)
  2 ugly things (D:15)
  An elephant (Lair:6)
  A merfolk siren (Shoals:1)
  A black mamba (Lair:4)
  A troll (D:14)
  2 merfolk
  2 hornets (Lair:6)
  3 blink frogs (Lair:1)
  5 slime creatures
  A wyvern (Lair:1)
  A naga (Snake:2)
  A water moccasin (Lair:2)
  12 orc warriors
  An ogre (Orc:2)
  A bullfrog (Lair:2)
  7 orc priests
  4 orc wizards
  14 orcs
73 creatures vanquished.

Vanquished Creatures (others)
  A draconian monk (Zot:4)
  A fire giant (Depths:4)
  A white draconian (Zot:2)
  A hell beast (Zig:11)
  A merfolk aquamancer (Shoals:4)
  2 wizards
  A naga mage (Snake:4)
  A large abomination (Pan)
  A water elemental (Shoals:4)
  A yak (Lair:4)
  2 nagas
  A floating eye (shapeshifter) (Zig:18)
  A shadow imp (D:8)
  2 kobolds (D:8)
  51 fungi
  213 plants
  8 starspawn tentacles
  11 tentacles
300 creatures vanquished.

Grand Total: 4112 creatures vanquished

Notes
Turn   | Place    | Note
-------+----------+-------------------------------------------
     0 | D:1      | TinSoldier the Demonspawn Ice Elementalist began the quest
                  | for the Orb.
     0 | D:1      | Reached XP level 1. HP: 13/13 MP: 3/3
   326 | D:1      | Gained mutation: Your touch may inflict minor irresistible
                  | damage on your foes. [demonic ancestry]
   326 | D:1      | Reached XP level 2. HP: 20/20 MP: 3/5
   624 | D:1      | Reached skill level 4 in Ice Magic
   852 | D:1      | Reached skill level 1 in Fighting
  1010 | D:1      | Gained mutation: A meltable shield of frost defends you.
                  | (SH +0) [demonic ancestry]
  1010 | D:1      | Reached XP level 3. HP: 21/26 MP: 3/6
  1097 | D:1      | Learned a level 3 spell: Frozen Ramparts
  1390 | D:2      | Found a faded altar of an unknown god.
  1751 | D:2      | Found Maluddu's Jewellery Emporium.
  1764 | D:2      | Reached XP level 4. HP: 32/32 MP: 7/7
  3258 | D:3      | Noticed Natasha
  3267 | D:3      | Killed Natasha
  3270 | D:3      | Gained mutation: You are partially covered in large bone
                  | plates. (SH +4) [demonic ancestry]
  3270 | D:3      | Reached XP level 5. HP: 30/38 MP: 1/9
  3277 | D:3      | Noticed Robin
  3285 | D:3      | Killed Robin
  3485 | D:3      | Learned a level 3 spell: Ozocubu's Armour
  3551 | D:4      | Reached skill level 5 in Ice Magic
  4154 | D:4      | Reached XP level 6. HP: 44/44 MP: 11/11
  4301 | D:5      | Entered Level 5 of the Dungeon
  4388 | D:5      | Reached skill level 6 in Ice Magic
  4563 | D:5      | Found a shimmering blue altar of Sif Muna.
  4574 | D:5      | Gained mutation: You are partially covered in sharp spines.
                  | [demonic ancestry]
  4574 | D:5      | Reached XP level 7. HP: 48/50 MP: 11/13
  4581 | D:5      | Learned a level 4 spell: Hailstorm
  4649 | D:5      | Noticed Menkaure
  4897 | D:5      | Noticed Pikel
  5243 | D:5      | Reached skill level 1 in Conjurations
  5662 | D:6      | Reached skill level 7 in Ice Magic
  5943 | D:6      | Found a staircase to the Ecumenical Temple.
  5982 | D:6      | Reached XP level 8. HP: 56/56 MP: 5/15
  6558 | Temple   | Entered the Ecumenical Temple
  6763 | D:7      | Found a hide-covered altar of Uskayaw.
  6852 | D:7      | Reached skill level 5 in Spellcasting
  7206 | D:7      | Found a flagged portal.
  7228 | Bailey   | Entered a bailey
  7306 | Bailey   | Noticed an orc knight
  7310 | Bailey   | Reached skill level 8 in Ice Magic
  7318 | Bailey   | Killed an orc knight
  7319 | Bailey   | Reached skill level 5 in Conjurations
  7319 | Bailey   | Gained mutation: You are mostly covered in large bone
                  | plates. (SH +6) [demonic ancestry]
  7319 | Bailey   | Reached XP level 9. HP: 55/61 MP: 0/17
  7464 | Bailey   | Learned a level 5 spell: Freezing Cloud
  7622 | Bailey   | Noticed an orc knight
  7632 | Bailey   | Killed an orc knight
  7633 | Bailey   | Reached skill level 9 in Ice Magic
  8314 | Bailey   | Noticed an orc warlord
  8395 | Bailey   | Identified the +4 long sword of the Doomed Warrior
                  | {protect, rElec Str+2}
  9109 | D:5      | Killed Pikel
  9119 | D:5      | Reached XP level 10. HP: 67/67 MP: 2/19
  9207 | D:5      | Killed Menkaure
  9528 | D:5      | Found a runed translucent door.
  9531 | D:5      | Noticed Crazy Yiuf
  9609 | D:5      | Killed Crazy Yiuf
  9713 | D:8      | Noticed a death yak
  9713 | D:8      | Noticed a death yak
  9715 | D:8      | Found a staircase to the Lair.
  9715 | D:8      | Noticed a death yak
  9779 | D:8      | Noticed a two-headed ogre
  9786 | D:8      | Killed a two-headed ogre
  9787 | D:8      | Reached skill level 1 in Air Magic
  9891 | D:8      | Reached skill level 10 in Ice Magic
 10889 | D:8      | Killed a death yak
 11751 | D:9      | Noticed a centaur warrior
 11756 | D:9      | Killed a centaur warrior
 11766 | D:9      | Found a staircase to the Orcish Mines.
 12003 | D:9      | Gained mutation: A meltable icy envelope protects you from
                  | harm. (AC +0) [demonic ancestry]
 12003 | D:9      | Reached XP level 11. HP: 78/78 MP: 14/21
 12269 | D:9      | Noticed a two-headed ogre
 12280 | D:9      | Killed a two-headed ogre
 12470 | D:9      | Found a snail-covered altar of Cheibriados.
 12904 | D:9      | Noticed a white ugly thing
 12907 | D:9      | Reached skill level 5 in Fighting
 12915 | D:9      | Killed a white ugly thing
 13527 | D:10     | Entered Level 10 of the Dungeon
 13542 | D:10     | Reached skill level 5 in Dodging
 14122 | D:10     | Found Fusenet's General Store.
 14141 | D:10     | Bought a scroll of amnesia for 38 gold pieces
 14141 | D:10     | Bought an amulet of magic regeneration for 330 gold pieces
 14613 | D:10     | Found an ornate altar of the Wu Jian Council.
 14716 | D:10     | Found an opulent altar of Gozag.
 14751 | D:10     | Found a broken altar of Ashenzari.
 14775 | D:10     | Learned a level 5 spell: Lightning Bolt
 14780 | D:10     | Learned a level 4 spell: Summon Lightning Spire
 14807 | D:10     | Became a worshipper of Ashenzari the Shackled
 14830 | D:10     | Reached skill level 1 in Summonings
 15489 | D:11     | Gained mutation: Your touch may inflict irresistible damage
                  | on your foes. [demonic ancestry]
 15489 | D:11     | Reached XP level 12. HP: 80/89 MP: 15/23
 15594 | D:11     | Noticed a two-headed ogre
 15599 | D:11     | Killed a two-headed ogre
 15934 | D:11     | Noticed a two-headed ogre
 16138 | D:11     | Found a runed translucent gate.
 16138 | D:11     | Found a runed translucent gate.
 16138 | D:11     | Found a runed translucent gate.
 16138 | D:11     | Noticed an 11-headed hydra
 16138 | D:11     | Noticed IcySys's ghost (journeyman OpFE)
 16138 | D:11     | Noticed a nine-headed hydra
 16652 | Lair:1   | Entered Level 1 of the Lair of Beasts
 16824 | Lair:1   | Reached * piety under Ashenzari
 16824 | Lair:1   | Identified a scroll of acquirement
 16825 | Lair:1   | Acquired the amulet of Xudghig {Reflect Fragile Int+5 SH+5}
 16952 | Lair:1   | Identified the ring of Renkemyf {Ice Str+6 Int-2 Slay+2}
 17006 | Lair:1   | Reached skill level 11 in Ice Magic
 17587 | Lair:1   | Reached ** piety under Ashenzari
 17645 | Lair:1   | Reached skill level 5 in Air Magic
 18107 | Lair:1   | Identified Sif Muna's Compendium of the Glacier
 18107 | Lair:1   | Identified the +6 shortbow of the Fool {freeze, +Blink
                  | rPois}
 18107 | Lair:1   | Identified the Reference Book on Freezing Necromancy
 18107 | Lair:1   | Identified the Disquisition on Transmutation and Ignition
 18107 | Lair:1   | Identified the +6 long sword "Raisin" {freeze, rCorr Dex+7
                  | Stlth-}
 18130 | Lair:2   | Reached skill level 10 in Conjurations
 18213 | Lair:2   | Noticed Gastronok
 18221 | Lair:2   | Killed Gastronok
 18799 | Lair:2   | Noticed a catoblepas
 18822 | Lair:2   | Killed a catoblepas
 19081 | Lair:2   | Noticed a seven-headed hydra
 19090 | Lair:2   | Killed an eight-headed hydra
 19285 | Lair:2   | Reached *** piety under Ashenzari
 19335 | Lair:2   | Found a staircase to the Snake Pit.
 19421 | Lair:2   | Noticed Maggie
 19427 | Lair:2   | Killed Maggie
 20072 | Lair:2   | Noticed an eight-headed hydra
 20104 | Lair:2   | Killed an eight-headed hydra
 20105 | Lair:2   | Reached skill level 1 in Long Blades
 20105 | Lair:2   | Gained mutation: You are mostly covered in sharp spines.
                  | [demonic ancestry]
 20105 | Lair:2   | Reached XP level 13. HP: 98/98 MP: 2/25
 20291 | Lair:3   | Identified the +1 cloak of the Ecumenical Temple {rElec
                  | rC++ rCorr Str-5}
 21882 | Lair:4   | Noticed Nessos
 21943 | Lair:4   | Killed Nessos
 22079 | Lair:4   | Found a gate leading to a gauntlet.
 22085 | Gauntlet | Entered a Gauntlet
 22085 | Gauntlet | Found a transporter.
 22085 | Gauntlet | Found a transporter.
 22100 | Gauntlet | Noticed an entropy weaver
 22149 | Gauntlet | Found a transporter.
 22151 | Gauntlet | Found a transporter.
 22164 | Gauntlet | Found a transporter.
 22166 | Gauntlet | Found a large runed translucent door.
 22166 | Gauntlet | Found a large runed translucent door.
 22167 | Gauntlet | Found a transporter.
 22167 | Gauntlet | Found a large runed translucent door.
 22167 | Gauntlet | Found a large runed translucent door.
 22168 | Gauntlet | Found a large runed translucent door.
 22168 | Gauntlet | Found a large runed translucent door.
 22168 | Gauntlet | Found a large runed translucent door.
 22168 | Gauntlet | Found a large runed translucent door.
 22169 | Gauntlet | Found a runed translucent door.
 22169 | Gauntlet | Found a runed translucent gate.
 22185 | Gauntlet | Found a transporter.
 22203 | Gauntlet | Identified the +9 flail "Weot" {freeze, Str+7}
 22205 | Gauntlet | Found a transporter.
 22205 | Gauntlet | Found a runed translucent gate.
 22206 | Gauntlet | Found a runed translucent gate.
 22207 | Gauntlet | Found a large runed translucent door.
 22208 | Gauntlet | Found a large runed translucent door.
 22209 | Gauntlet | Found a large runed translucent door.
 22219 | Gauntlet | Found a large runed translucent door.
 22220 | Gauntlet | Found a large runed translucent door.
 22220 | Gauntlet | Found a large runed translucent door.
 22220 | Gauntlet | Found a runed translucent door.
 22221 | Gauntlet | Found a large runed translucent door.
 22222 | Gauntlet | Found a large runed translucent door.
 22224 | Gauntlet | Found a transporter.
 22232 | Gauntlet | Found a transporter.
 22291 | Gauntlet | Found a transporter.
 22307 | Gauntlet | Found a transporter.
 22593 | Gauntlet | Reached skill level 1 in Maces & Flails
 22784 | Gauntlet | Noticed a minotaur
 22790 | Gauntlet | Killed a minotaur
 22964 | Lair:4   | Identified the +3 ring mail "Hacuoxua" {Str+4}
 23288 | Lair:4   | Found a staircase to the Shoals.
 23545 | Lair:4   | Noticed Urug
 23550 | Lair:4   | Killed Urug
 23874 | Lair:4   | Found a broken altar of Ashenzari.
 24089 | Lair:4   | Reached **** piety under Ashenzari
 24310 | Lair:5   | Found a transporter.
 24344 | Lair:5   | Noticed nonnadibruder's ghost (journeyman MiBe)
 24388 | Lair:5   | Found a bloodstained altar of Trog.
 24410 | Lair:5   | Found a blossoming altar of Fedhas.
 24961 | D:11     | Identified the +6 long sword "Raisin" {freeze, rCorr Dex+7
                  | Stlth-}
 24983 | D:11     | Reached skill level 1 in Shields
 24983 | D:11     | Gained mutation: Your touch may irresistibly damage your
                  | foes and sap their willpower. [demonic ancestry]
 24983 | D:11     | Reached XP level 14. HP: 54/108 MP: 8/27
 24983 | D:11     | Killed IcySys's ghost
 24984 | D:11     | Reached skill level 1 in Evocations
 25199 | D:11     | Identified the Reference Book on Freezing Necromancy
 25200 | D:11     | Identified the Disquisition on Transmutation and Ignition
 25201 | D:11     | Identified the +6 shortbow of the Fool {freeze, +Blink
                  | rPois}
 26202 | Lair:5   | Found a transporter.
 26699 | Lair:6   | Entered Level 6 of the Lair of Beasts
 27071 | Lair:6   | Reached skill level 10 in Spellcasting
 27973 | Lair:6   | Reached skill level 10 in Fighting
 28743 | Lair:6   | Found a staircase to the Slime Pits.
 28863 | Lair:6   | Found a runed translucent door.
 29009 | Lair:6   | Reached skill level 12 in Ice Magic
 29769 | Orc:1    | Entered Level 1 of the Orcish Mines
 29769 | Orc:1    | Noticed Jorgrun
 29846 | Orc:1    | Killed Jorgrun
 30188 | Orc:1    | Found Mira's Magic Scroll Shoppe.
 30196 | Orc:1    | Bought a scroll of blinking for 105 gold pieces
 30527 | Orc:1    | Found Estufuag's Distillery.
 30532 | Orc:1    | Found a runed translucent gate.
 30532 | Orc:1    | Found a runed translucent gate.
 30532 | Orc:1    | Found a runed translucent gate.
 30535 | Orc:1    | Bought a potion of resistance for 140 gold pieces
 30535 | Orc:1    | Bought a potion of haste for 140 gold pieces
 30535 | Orc:1    | Bought a potion of haste for 140 gold pieces
 30539 | Orc:1    | Noticed Maurice
 30546 | Orc:1    | Killed Maurice
 30669 | Orc:1    | Found Ruubbeb's Antique Armour Shoppe.
 30754 | Orc:1    | Found an iron altar of Okawaru.
 30754 | Orc:1    | Noticed Ocimmien's ghost (journeyman DDFi)
 30793 | Orc:2    | Entered Level 2 of the Orcish Mines
 30797 | Orc:2    | Found a staircase to the Elven Halls.
 30825 | Orc:2    | Reached XP level 15. HP: 93/116 MP: 16/29
 31634 | Orc:2    | Found Saski Jonni's Distillery.
 31636 | Orc:2    | Found Okycit's General Store.
 32543 | Orc:2    | Reached skill level 5 in Summonings
 32667 | Orc:2    | Found Himuchaf's Book Boutique.
 32667 | Orc:2    | Found a one-way gate leading to the halls of Pandemonium.
 32667 | Orc:2    | Found Winniem's Antique Weapon Shop.
 33008 | D:12     | Found Yklerall's Assorted Antiques.
 33010 | D:12     | Found Sipaptapp's General Store.
 33010 | D:12     | Found Zoiqev's Armour Emporium.
 33013 | D:12     | Found Xoxtor's Magic Scroll Emporium.
 33020 | D:12     | Bought a scroll of enchant armour for 112 gold pieces
 33551 | D:12     | Reached skill level 1 in Armour
 34268 | D:13     | Found Uliqo's Weapon Shop.
 34269 | D:13     | Noticed Snorg
 34276 | D:13     | Killed Snorg
 34556 | D:13     | Identified the amulet of Piumunn {Faith Rampage Slay+2
                  | Stlth+}
 34585 | D:13     | Reached skill level 13 in Ice Magic
 34746 | D:13     | Identified the ring "Awkorug" {rC+ Dex+7}
 34755 | D:13     | Identified the ring "Zaxausk" {rC+ AC+4 Stlth+}
 34764 | D:13     | Identified the amulet "Qourgh" {rC+ Regen+ Str-3 Dex+4
                  | Slay+5}
 35011 | D:13     | Reached skill level 10 in Dodging
 35196 | D:13     | Found Faigurue's Book Shoppe.
 35202 | D:13     | Bought Ozocubu's Autobiography for 456 gold pieces
 35372 | D:13     | Found Nairch Monymi's Distillery.
 35535 | D:13     | Found Linn's Magic Scroll Shoppe.
 35732 | D:14     | Noticed Agnes
 35738 | D:14     | Killed Agnes
 36183 | D:14     | Identified the +9 flail of Imbalance {flame, rF+}
 36231 | D:14     | Found a gate to the Vaults.
 36492 | D:14     | Gained mutation: You are robust. (+10% HP) [demonic
                  | ancestry]
 36492 | D:14     | Reached XP level 16. HP: 118/137 MP: 31/31
 36822 | D:15     | Entered Level 15 of the Dungeon
 36976 | D:15     | Noticed a storm dragon
 37044 | D:15     | Noticed a storm dragon
 37047 | D:15     | a storm dragon changed into a dire elephant
 37059 | D:15     | Noticed a sphinx
 37059 | D:15     | a stone giant changed into a sphinx
 37064 | D:15     | Killed a sphinx
 37511 | D:15     | Reached skill level 5 in Armour
 38211 | D:15     | Found a portal to a secret trove of treasure.
 38287 | D:15     | Found a staircase to the Depths.
 38836 | Shoals:1 | Entered Level 1 of the Shoals
 38837 | Shoals:1 | Noticed Nikola
 38849 | Shoals:1 | Killed Nikola
 39256 | Shoals:1 | Noticed Frances
 39271 | Shoals:1 | Killed Frances
 39272 | Shoals:1 | Reached skill level 14 in Ice Magic
 40075 | Shoals:2 | Learned a level 7 spell: Ozocubu's Refrigeration
 40433 | Shoals:2 | Reached XP level 17. HP: 145/146 MP: 32/32
 40841 | Shoals:2 | Noticed a kraken
 40841 | Shoals:2 | Noticed a kraken
 40842 | Shoals:2 | Identified the +6 quarterstaff of Cocytus {freeze, rN+}
 40844 | Shoals:2 | Killed a kraken
 40853 | Shoals:2 | Killed a kraken
 41083 | Shoals:2 | Noticed a kraken
 41094 | Shoals:2 | Killed a kraken
 41157 | Shoals:2 | Identified the Volume of Excruciating Orientation
 41158 | Shoals:2 | Found a runed translucent door.
 41187 | Shoals:2 | Noticed a kraken
 41191 | Shoals:2 | Killed a kraken
 41389 | Shoals:3 | Found Imydytyi's Weapon Shop.
 41707 | Shoals:3 | Found Lunt's Distillery.
 41709 | Shoals:3 | Reached skill level 15 in Ice Magic
 42005 | Shoals:3 | Found Miajepn's Armour Shoppe.
 42036 | Shoals:3 | Bought a +2 kite shield of protection for 258 gold pieces
 42319 | Shoals:3 | Found Naoh's Book Shoppe.
 42323 | Shoals:3 | Found Ostes's General Store.
 42681 | Shoals:4 | Entered Level 4 of the Shoals
 43104 | Shoals:4 | Noticed Polyphemus
 43119 | Shoals:4 | Killed Polyphemus
 43366 | Shoals:4 | Reached XP level 18. HP: 156/156 MP: 22/34
 43528 | Shoals:4 | Identified the Handbook of Illusion and Ignition
 43539 | Shoals:4 | Got a barnacled rune of Zot
 43872 | Shoals:4 | Noticed Mlioglotl
 44039 | Shoals:4 | Killed Mlioglotl
 44587 | Elf:1    | Entered Level 1 of the Elven Halls
 44905 | Elf:1    | Reached skill level 5 in Shields
 44905 | Elf:1    | Reached skill level 16 in Ice Magic
 44910 | Elf:1    | Found a runed translucent gate.
 44910 | Elf:1    | Found a runed translucent gate.
 44910 | Elf:1    | Found a runed translucent gate.
 44910 | Elf:1    | Found a runed translucent gate.
 44910 | Elf:1    | Found a runed translucent gate.
 44920 | Elf:1    | Found a runed translucent gate.
 45174 | Elf:1    | Reached skill level 10 in Armour
 45370 | Elf:1    | Learned a level 9 spell: Polar Vortex
 45446 | Elf:1    | Reached ***** piety under Ashenzari
 45645 | Elf:1    | Paralysed by an air elemental for 1 turns
 46093 | Elf:2    | Found a runed translucent gate.
 46123 | Elf:2    | Found a runed translucent gate.
 46124 | Elf:2    | Found a runed translucent gate.
 46838 | Elf:2    | Found a radiant altar of Vehumet.
 47431 | Elf:2    | Reached XP level 19. HP: 83/170 MP: 20/37
 47717 | Elf:3    | Entered Level 3 of the Elven Halls
 47752 | Elf:3    | Found an ancient bone altar of Kikubaaqudgha.
 47801 | Elf:3    | Found Ykhinoq's Jewellery Shoppe.
 47957 | Elf:3    | Reached skill level 17 in Ice Magic
 47965 | Elf:3    | Noticed SHADDY's ghost (adept DsGl)
 47974 | Elf:3    | Found a runed translucent door.
 48002 | Elf:3    | Killed SHADDY's ghost
 48994 | Elf:3    | Identified the +8 chain mail of Sametocw {Regen+ Str+4}
 49200 | Elf:3    | Noticed a Brimstone Fiend
 49254 | Elf:3    | Identified the +1 ring mail of Quaf {Str+4 SInv}
 49730 | Elf:3    | Identified the +8 falchion "Ox" {vorpal, rCorr Str+6 Int+4
                  | Dex-5}
 50480 | Vaults:1 | Entered Level 1 of the Vaults
 50610 | Vaults:1 | Reached skill level 10 in Shields
 51269 | D:15     | You paid a toll of 7 scrolls of fear to enter a treasure
                  | trove
 51270 | Trove    | Entered a treasure trove
 51272 | Trove    | Identified the ring "Deugg" {rPois Str-4 Int+6 Stlth+}
 51273 | Trove    | Identified the ring of Cowardice {rC+ rN+ rCorr Int+4}
 51274 | Trove    | Identified the ring of Contentment {rF+ Will- AC+4 Str+4}
 51274 | Trove    | Identified the ring of Caffoo {Wiz rCorr SInv}
 51274 | Trove    | Identified the ring "Zaob Joa" {rN+ Int+7}
 51274 | Trove    | Identified the ring of Hard Scrabble {rC+ Dex+3 Stlth+}
 51819 | Vaults:1 | Reached skill level 18 in Ice Magic
 52193 | Vaults:1 | Identified the +1 ring mail of Lugonu's Generosity {Rampage
                  | rPois Int+2}
 52210 | Vaults:1 | Gained mutation: You are very robust. (+20% HP) [demonic
                  | ancestry]
 52210 | Vaults:1 | Reached XP level 20. HP: 146/192 MP: 38/38
 52220 | Vaults:1 | Acquired the +9 morningstar of Lacoc {flame, Int+4 SInv}
 54622 | Vaults:3 | Identified the amulet "Niatag" {Harm rN++ Regen+}
 54644 | Vaults:3 | Noticed Boris
 54841 | Vaults:2 | Learned a level 7 spell: Orb of Destruction
 55018 | Vaults:3 | Found Ycunea's Armour Boutique.
 55025 | Vaults:3 | Bought the +2 pair of boots of the Trombone {Drain rC+++
                  | Str-2 Int+4} for 826 gold pieces
 55200 | Vaults:3 | Killed Boris
 55350 | Vaults:3 | Gained mutation: You are completely covered in sharp
                  | spines. [demonic ancestry]
 55350 | Vaults:3 | Reached XP level 21. HP: 204/204 MP: 40/40
 55585 | Vaults:3 | Reached skill level 19 in Ice Magic
 55759 | Vaults:3 | Found a staircase to the Crypt.
 55759 | Vaults:3 | Found an ancient bone altar of Kikubaaqudgha.
 55760 | Vaults:3 | Found a basalt altar of Yredelemnul.
 57405 | Vaults:4 | Noticed an ancient lich
 57416 | Vaults:4 | Identified the ring of Ignis's Regard {Ice rCorr}
 58983 | Snake:1  | Entered Level 1 of the Snake Pit
 60702 | Snake:2  | Found Icynih's Neck Hole.
 60711 | Snake:2  | Bought a +2 cloak for 214 gold pieces
 61588 | Snake:3  | Identified the +10 plate armour of Sooriuz {Harm *Corrode
                  | Will- Int+8}
 62132 | Snake:3  | Reached skill level 20 in Ice Magic
 62374 | Snake:3  | Noticed Mara
 62385 | Snake:3  | Noticed TinSoldier's illusion
 62385 | Snake:3  | Killed Mara
 62484 | Snake:3  | Found Covucvey's Jewellery Emporium.
 62778 | Snake:4  | Entered Level 4 of the Snake Pit
 63059 | Snake:4  | Reached XP level 22. HP: 216/216 MP: 42/42
 63977 | Snake:4  | Reached skill level 21 in Ice Magic
 64541 | Snake:4  | Got a serpentine rune of Zot
 65399 | Shoals:3 | Bought a book of Burglary for 360 gold pieces
 65399 | Shoals:3 | Bought a book of Annihilations for 1080 gold pieces
 65775 | Vaults:4 | Learned a level 3 spell: Swiftness
 66073 | Orc:2    | Bought a book of Party Tricks for 192 gold pieces
 66075 | Orc:2    | Learned a level 1 spell: Apportation
 66078 | Orc:2    | Learned a level 2 spell: Blink
 66081 | Orc:2    | Learned a level 2 spell: Passwall
 66359 | Vaults:5 | Entered Level 5 of the Vaults
 66374 | Vaults:5 | Noticed an ancient lich
 66383 | Vaults:5 | Killed an ancient lich
 66740 | Vaults:5 | Noticed a golden dragon
 66746 | Vaults:5 | Reached skill level 15 in Fighting
 66751 | Vaults:5 | Killed a golden dragon
 66835 | Vaults:5 | Reached skill level 22 in Ice Magic
 66894 | Vaults:5 | Identified the +4 rapier of Ibboq {vorpal, Fragile rN+
                  | Dex+4 Stlth+}
 66903 | Vaults:5 | Identified the +10 hand crossbow "Omne" {penet, +Blink
                  | rCorr Str-5 Int+2}
 66909 | Vaults:5 | Identified the ring of Rempef {rN+ Will- AC+4 Str+4 Dex+4}
 67223 | Vaults:5 | Reached skill level 1 in Translocations
 67369 | Vaults:5 | Identified the ring "Ydexkifi" {Fly Int+4}
 67373 | Vaults:5 | Identified the +0 plate armour "Joklih" {rElec}
 67501 | Vaults:5 | Noticed a dread lich
 67510 | Vaults:5 | Killed a dread lich
 67511 | Vaults:5 | Gained mutation: You are completely covered in large bone
                  | plates. (SH +8) [demonic ancestry]
 67511 | Vaults:5 | Reached XP level 23. HP: 138/226 MP: 44/44
 67558 | Vaults:5 | Reached skill level 15 in Spellcasting
 68191 | Vaults:5 | Noticed an ancient lich
 68201 | Vaults:5 | Killed an ancient lich
 68503 | Vaults:5 | Got a silver rune of Zot
 68945 | Depths:1 | Entered Level 1 of the Depths
 69288 | Depths:1 | Found a gateway to Hell.
 69789 | Depths:1 | Learned a level 4 spell: Passage of Golubria
 69835 | Depths:2 | Reached skill level 1 in Necromancy
 69870 | Depths:2 | Identified the +3 barding "Ishehygao" {Will+ Str+4 Int+2
                  | Dex+2}
 70033 | Depths:2 | Found a stormy altar of Qazlal.
 70045 | Depths:2 | Noticed Bai Suzhen
 70064 | Depths:2 | Found Big Baal Hell's Store.
 70207 | Depths:2 | Killed Bai Suzhen
 70333 | Depths:2 | Found Kyqyuwipn's Weapon Emporium.
 70480 | Depths:3 | Found a one-way gate to the infinite horrors of the Abyss.
 70522 | Depths:3 | Found a magical portal.
 70538 | WizLab   | Entered Doroklohe's Tomb
 70810 | WizLab   | Reached skill level 5 in Necromancy
 71832 | Depths:3 | Identified the +1 short sword of Noon {vorpal, MP+9}
 72297 | Depths:4 | Entered Level 4 of the Depths
 72298 | Depths:4 | Noticed Sojobo
 72301 | Depths:4 | Paralysed by an air elemental for 1 turns
 72302 | Depths:4 | Noticed a juggernaut
 72304 | Depths:4 | Killed Sojobo
 72315 | Depths:4 | Killed a juggernaut
 72316 | Depths:4 | Gained mutation: A meltable icy envelope protects you from
                  | harm. (AC +0) [demonic ancestry]
 72316 | Depths:4 | Reached XP level 24. HP: 183/238 MP: 22/45
 72460 | Depths:4 | Reached skill level 1 in Transmutations
 72581 | Depths:4 | Noticed Xtahua
 72707 | Depths:4 | Killed Xtahua
 72802 | Depths:4 | Reached ****** piety under Ashenzari
 72809 | Depths:4 | Found a broken altar of Ashenzari.
 73003 | Depths:4 | Noticed Frederick
 73010 | Depths:4 | Reached skill level 10 in Necromancy
 73011 | Depths:4 | Killed Frederick
 73174 | Depths:4 | Noticed a juggernaut
 73231 | Depths:4 | Identified the +8 spear "Meuro" {venom, Str+4 Int+2}
 73278 | Depths:4 | Killed a juggernaut
 73669 | Depths:4 | Found a gate to the Realm of Zot.
 73865 | Depths:4 | Found a one-way gateway to a ziggurat.
 74206 | Lair:1   | Acquired 729 gold pieces
 74404 | Slime:1  | Entered Level 1 of the Pits of Slime
 74424 | Slime:1  | Reached skill level 5 in Transmutations
 74800 | Slime:5  | Entered Level 5 of the Pits of Slime
 74822 | Slime:5  | Noticed the Royal Jelly
 74822 | Slime:5  | Gained mutation: You are dopey. (Int -2) [a shining eye]
 74823 | Slime:5  | Gained mutation: You passively map a small area around you.
                  | [a shining eye]
 74885 | Slime:5  | Killed the Royal Jelly
 75029 | Slime:5  | Identified the +10 quarterstaff of Success {flame, rCorr}
 75029 | Slime:5  | Identified the +9 hunting sling of the Imperium {freeze,
                  | +Blink rCorr Str+3 Stlth-}
 75029 | Slime:5  | Identified the ring of Agnosticism {rC- rN+ MP+9 Dex+2
                  | Stlth+}
 75035 | Slime:5  | Noticed Dissolution
 75043 | Slime:5  | Killed Dissolution
 75061 | Slime:5  | Identified the +7 arbalest "Fongeore" {elec, Int+3 SInv}
 75076 | Slime:5  | Identified the +8 hand axe of Drought {spect, rCorr Int+5}
 75115 | Slime:5  | Found the +8 lance "Wyrmbane" {slay drac, rPois rF+ rC+
                  | AC+3}
 75116 | Slime:5  | Identified the +2 plate armour of the Shining Light {rC+}
 75116 | Slime:5  | Identified the +9 arbalest "Umed" {speed, Str-4 Dex+4}
 75157 | Slime:5  | Got a slimy rune of Zot
 75457 | Lair:1   | Lost mutation: You passively map a small area around you.
                  | [potion of mutation]
 75457 | Lair:1   | Lost mutation: You are dopey. (Int -2) [potion of mutation]
 75457 | Lair:1   | Gained mutation: You have hidden genetic potential. [potion
                  | of mutation]
 75457 | Lair:1   | Gained mutation: You have a pair of small horns on your
                  | head. [potion of mutation]
 75457 | Lair:1   | Gained mutation: Your system is resistant to poisons.
                  | (rPois) [potion of mutation]
 75471 | Lair:1   | Learned a level 8 spell: Necromutation
 75485 | Lair:1   | Learned a level 8 spell: Borgnjor's Revivification
 75792 | Zot:1    | Entered Level 1 of the Realm of Zot
 75861 | Zot:1    | Identified the +0 pair of gloves "Poef" {Int+3}
 75899 | Zot:1    | Reached XP level 25. HP: 232/248 MP: 26/45
 76051 | Zot:1    | Reached skill level 15 in Necromancy
 76220 | Zot:1    | Noticed an orb of fire
 76261 | Zot:1    | Killed an orb of fire
 76350 | Zot:1    | Found a runed translucent gate.
 76353 | Zot:1    | Noticed jazmu's ghost (legendary FoFi)
 76363 | Zot:1    | Found a runed translucent gate.
 76367 | Zot:1    | Found a runed translucent gate.
 76390 | Zot:1    | Killed jazmu's ghost
 76409 | Zot:1    | Reached XP level 26. HP: 258/258 MP: 45/45
 76496 | Zot:1    | Noticed an orb of fire
 76504 | Zot:1    | Killed an orb of fire
 76505 | Zot:1    | Reached skill level 10 in Transmutations
 79081 | Zot:3    | Identified the +1 helmet of the Snake Pit {rPois rC- rCorr
                  | Dex+5}
 79314 | Zot:4    | Gained mutation: Your mind is acute. (Int +2) [hidden
                  | potential]
 79413 | Zot:4    | Identified the +5 great sword of Extinguishment {vorpal,
                  | rPois Int+3}
 79722 | Zot:4    | Noticed an orb of fire
 79736 | Zot:4    | Killed an orb of fire
 80164 | Zot:5    | Entered Level 5 of the Realm of Zot
 80165 | Zot:5    | Found Ciburit's Last-Chance Deals.
 80468 | Zot:5    | Gained mutation: You are extremely robust. (+30% HP)
                  | [demonic ancestry]
 80468 | Zot:5    | Reached XP level 27. HP: 256/286 MP: 42/45
 80694 | Zot:5    | Noticed an orb of fire
 80700 | Zot:5    | Killed an orb of fire
 80717 | Zot:5    | Noticed an orb of fire
 80717 | Zot:5    | Noticed an ancient lich
 80866 | Zot:5    | Noticed a dread lich
 81041 | Zot:5    | Killed an orb of fire
 81412 | Zot:5    | Killed a dread lich
 81492 | Zot:5    | Killed an ancient lich
 81537 | Zot:5    | Noticed an ancient lich
 81562 | Zot:5    | Killed an ancient lich
 81890 | Zot:5    | Noticed an orb of fire
 81893 | Zot:5    | Noticed an orb of fire
 81900 | Zot:5    | Noticed an ancient lich
 81901 | Zot:5    | Killed an orb of fire
 81904 | Zot:5    | Killed an orb of fire
 81905 | Zot:5    | Noticed an ancient lich
 81907 | Zot:5    | Noticed an ancient lich
 81913 | Zot:5    | Killed an ancient lich
 81916 | Zot:5    | Killed an ancient lich
 82210 | Zot:5    | Killed an ancient lich
 82730 | Hell     | Entered the Vestibule of Hell
 82730 | Hell     | Noticed Geryon
 82734 | Hell     | Noticed Murray
 82737 | Hell     | Killed Geryon
 82745 | Hell     | Killed Murray
 82765 | Depths:4 | Gained mutation: You are strong-willed. (Will+) [hidden
                  | potential]
 82765 | Depths:4 | Lost mutation: You have hidden genetic potential. [hidden
                  | potential expressed]
 83232 | Hell     | Found a gateway to the freezing wastes of Cocytus.
 83342 | Hell     | Found a gateway to the decaying netherworld of Tartarus.
 83374 | Hell     | Found a gateway to the ashen valley of Gehenna.
 83385 | Hell     | Gained mutation: Your spells are a little easier to cast,
                  | but a little less powerful. [a cacodemon]
 83391 | Hell     | Lost mutation: Your mind is acute. (Int +2) [potion of
                  | mutation]
 83391 | Hell     | Lost mutation: Your system is resistant to poisons. (rPois)
                  | [potion of mutation]
 83391 | Hell     | Lost mutation: You have a pair of small horns on your head.
                  | [potion of mutation]
 83391 | Hell     | Lost mutation: Your spells are a little easier to cast, but
                  | a little less powerful. [potion of mutation]
 83391 | Hell     | Gained mutation: You are agile. (Dex +2) [potion of
                  | mutation]
 84488 | Depths:3 | Voluntarily entered the Abyss.
 84488 | Abyss:1  | Found a corrupted altar of Lugonu.
 84508 | Abyss:1  | Found a corrupted altar of Lugonu.
 84694 | Abyss:4  | Found a corrupted altar of Lugonu.
 84893 | Abyss:4  | Paralysed by you for 7 turns
 84951 | Abyss:4  | Paralysed by accursed screaming for 1 turns
 85150 | Abyss:4  | Noticed an ancient lich
 85162 | Abyss:4  | Killed an ancient lich
 85257 | Abyss:5  | Entered Level 5 of the Abyss
 85336 | Abyss:5  | Noticed a dread lich
 85344 | Abyss:5  | Killed a dread lich
 85402 | Abyss:5  | Got an abyssal rune of Zot
 85421 | Depths:3 | Escaped the Abyss
 85617 | Hell     | Learned a level 5 spell: Borgnjor's Vile Clutch
 85628 | Hell     | Learned a level 9 spell: Death's Door
 85642 | Hell     | Found a gateway to the Iron City of Dis.
 86020 | Crypt:1  | Entered Level 1 of the Crypt
 86026 | Crypt:1  | Reached skill level 1 in Earth Magic
 87416 | Crypt:2  | Reached skill level 5 in Earth Magic
 88218 | Crypt:3  | Entered Level 3 of the Crypt
 88266 | Crypt:3  | Identified the ring "Qamew" {rC+ rN+ SInv}
 88266 | Crypt:3  | Identified the ring of Wu Jian's Pride {rN+ Str+3}
 89386 | Crypt:3  | Found a staircase to the Tomb.
 89530 | Crypt:3  | Identified the amulet of Lucidity {Faith Drain Str+2
                  | Slay+3}
 89530 | Crypt:3  | Identified the Grimoire of Necromancy
 89531 | Crypt:3  | Identified the ring of Joexzuuk {+Blink EV+4 Dex+3}
 89619 | Crypt:3  | Identified the +4 war axe of Foolhardiness {vorpal, Fly}
 89619 | Crypt:3  | Identified the +10 quarterstaff "Killer Bee's Doom" {elec,
                  | rN+ Will- rCorr}
 90084 | Pan      | Entered Pandemonium
 90180 | Pan      | Noticed Onaip the pandemonium lord
 90832 | Pan      | Killed Onaip the pandemonium lord
 91498 | Pan      | Identified the +4 ring mail of Benevolence {Will++ Int+2}
 91596 | Pan      | Noticed Pyrugy the pandemonium lord
 91659 | Pan      | Killed Pyrugy the pandemonium lord
 92296 | Pan      | Noticed Xoqeps the pandemonium lord
 92311 | Pan      | Killed Xoqeps the pandemonium lord
 92322 | Pan      | Reached skill level 10 in Earth Magic
 92473 | Pan      | Got a demonic rune of Zot
 93122 | Pan      | Noticed Nuckiub the pandemonium lord
 93134 | Pan      | Killed Nuckiub the pandemonium lord
 93908 | Pan      | Noticed Ufeutiy the pandemonium lord
 93921 | Pan      | Cast into level 4 of the Abyss (Ufeutiy)
 93921 | Abyss:4  | Found a corrupted altar of Lugonu.
 94022 | Pan      | Escaped the Abyss
 94039 | Pan      | Killed Ufeutiy the pandemonium lord
 94510 | Pan      | Found an exit through the horrors of the Abyss.
 94818 | Pan      | Entered the realm of Gloorx Vloq.
 94819 | Pan      | Acquired the Collected Works on Stolen Souls
 94946 | Pan      | Found an exit through the horrors of the Abyss.
 95000 | Pan      | Identified the +2 robe of the Quahog {Dex+7}
 95245 | Pan      | Reached skill level 23 in Ice Magic
 95353 | Pan      | Learned a level 9 spell: Shatter
 95752 | Pan      | Noticed Gloorx Vloq
 95768 | Pan      | Killed Gloorx Vloq
 96025 | Pan      | Got a dark rune of Zot
 96278 | Pan      | Entered the realm of Cerebov.
 96475 | Pan      | Identified the +12 shortbow "Beetleslayer" {flame, Will+
                  | Str+4}
 96483 | Pan      | Identified the +5 mace "Zuril" {venom, rElec Str+6 Int+3}
 96499 | Pan      | Identified the +8 shortbow "Sassapits" {flame, rPois rF+}
 96500 | Pan      | Identified the Tome of Ashen Black Secrets
 96528 | Pan      | Identified the +9 flail "Ribbeteq" {drain, Drain rElec
                  | Dex+2}
 96745 | Pan      | Identified the +4 plate armour "Haapp" {Contam +Inv Regen+
                  | SInv}
 96801 | Pan      | Found an exit through the horrors of the Abyss.
 97209 | Pan      | Reached skill level 15 in Earth Magic
 97309 | Pan      | Got a fiery rune of Zot
 97375 | Pan      | Noticed Equqim the pandemonium lord
 97394 | Pan      | Killed Equqim the pandemonium lord
 98638 | Pan      | Noticed Rarch the pandemonium lord
 98646 | Pan      | Killed Rarch the pandemonium lord
 99694 | Pan      | Gained mutation: Armour fits poorly on your strangely
                  | shaped body. [a cacodemon]
 99805 | Pan      | Lost mutation: You are agile. (Dex +2) [potion of mutation]
 99805 | Pan      | Lost mutation: Armour fits poorly on your strangely shaped
                  | body. [potion of mutation]
 99805 | Pan      | Lost mutation: You are strong-willed. (Will+) [potion of
                  | mutation]
 99805 | Pan      | Gained mutation: You have a pair of small antennae on your
                  | head. [potion of mutation]
 99805 | Pan      | Gained mutation: Your body sometimes deteriorates upon
                  | taking damage. [potion of mutation]
 99805 | Pan      | Gained mutation: Your mind is acute. (Int +2) [potion of
                  | mutation]
 99805 | Pan      | Gained mutation: Your muscles are strong. (Str +2) [potion
                  | of mutation]
 99806 | Pan      | Lost mutation: You have a pair of small antennae on your
                  | head. [potion of mutation]
 99806 | Pan      | Lost mutation: Your mind is acute. (Int +2) [potion of
                  | mutation]
 99806 | Pan      | Lost mutation: Your body sometimes deteriorates upon taking
                  | damage. [potion of mutation]
 99806 | Pan      | Gained mutation: Your magical capacity is low. (-10% MP)
                  | [potion of mutation]
 99807 | Pan      | Lost mutation: Your muscles are strong. (Str +2) [potion of
                  | mutation]
 99807 | Pan      | Lost mutation: Your magical capacity is low. (-10% MP)
                  | [potion of mutation]
 99807 | Pan      | Gained mutation: Your mind is acute. (Int +2) [potion of
                  | mutation]
 99807 | Pan      | Gained mutation: You tend to lose your temper in combat.
                  | [potion of mutation]
 99808 | Pan      | Lost mutation: Your mind is acute. (Int +2) [potion of
                  | mutation]
 99808 | Pan      | Lost mutation: You tend to lose your temper in combat.
                  | [potion of mutation]
 99808 | Pan      | Gained mutation: Potions are less effective at restoring
                  | your health. [potion of mutation]
 99809 | Pan      | Lost mutation: Potions are less effective at restoring your
                  | health. [potion of mutation]
 99809 | Pan      | Gained mutation: Your flesh is heat resistant. (rF+)
                  | [potion of mutation]
 99809 | Pan      | Gained mutation: Your body sometimes deteriorates upon
                  | taking damage. [potion of mutation]
 99809 | Pan      | Gained mutation: You are strong-willed. (Will+) [potion of
                  | mutation]
 99810 | Pan      | Lost mutation: Your body sometimes deteriorates upon taking
                  | damage. [potion of mutation]
 99810 | Pan      | Lost mutation: Your flesh is heat resistant. (rF+) [potion
                  | of mutation]
 99810 | Pan      | Lost mutation: You are strong-willed. (Will+) [potion of
                  | mutation]
 99810 | Pan      | Gained mutation: You possess an exceptional clarity of
                  | mind. [potion of mutation]
 99810 | Pan      | Gained mutation: You are strong-willed. (Will+) [potion of
                  | mutation]
100068 | Pan      | Noticed Gedesche the pandemonium lord
100088 | Pan      | Killed Gedesche the pandemonium lord
100336 | Pan      | Found an exit through the horrors of the Abyss.
101400 | Depths:2 | Escaped Pandemonium
101543 | D:13     | Bought a potion of heal wounds for 55 gold pieces
101543 | D:13     | Bought a potion of heal wounds for 55 gold pieces
101543 | D:13     | Bought a potion of invisibility for 88 gold pieces
101543 | D:13     | Bought a potion of curing for 33 gold pieces
101543 | D:13     | Bought a potion of cancellation for 88 gold pieces
101543 | D:13     | Bought a potion of brilliance for 44 gold pieces
101543 | D:13     | Bought a potion of flight for 33 gold pieces
101543 | D:13     | Bought 2 potions of brilliance for 88 gold pieces
101543 | D:13     | Bought 2 potions of might for 88 gold pieces
101591 | D:13     | Bought a scroll of fog for 30 gold pieces
101591 | D:13     | Bought a scroll of enchant weapon for 112 gold pieces
101591 | D:13     | Bought a scroll of amnesia for 52 gold pieces
101591 | D:13     | Bought a scroll of enchant armour for 112 gold pieces
101699 | D:12     | Bought a scroll of teleportation for 45 gold pieces
101699 | D:12     | Bought a scroll of silence for 112 gold pieces
101699 | D:12     | Bought a scroll of blinking for 112 gold pieces
101699 | D:12     | Bought a scroll of fear for 52 gold pieces
101705 | D:12     | Bought a potion of heal wounds for 160 gold pieces
101824 | Orc:1    | Bought a potion of cancellation for 112 gold pieces
101824 | Orc:1    | Bought a potion of flight for 42 gold pieces
101824 | Orc:1    | Bought a potion of curing for 42 gold pieces
101824 | Orc:1    | Bought a potion of cancellation for 112 gold pieces
101824 | Orc:1    | Bought a potion of curing for 42 gold pieces
101824 | Orc:1    | Bought a potion of ambrosia for 112 gold pieces
101824 | Orc:1    | Bought a potion of ambrosia for 112 gold pieces
101838 | Orc:1    | Killed Ocimmien's ghost
101912 | Orc:2    | Bought a potion of lignification for 45 gold pieces
101912 | Orc:2    | Bought a potion of mutation for 120 gold pieces
101912 | Orc:2    | Bought a potion of haste for 150 gold pieces
101912 | Orc:2    | Bought a potion of lignification for 45 gold pieces
101912 | Orc:2    | Bought a potion of cancellation for 120 gold pieces
101912 | Orc:2    | Bought a potion of curing for 45 gold pieces
101912 | Orc:2    | Bought a potion of might for 60 gold pieces
101914 | Orc:2    | Bought a potion of flight for 42 gold pieces
101914 | Orc:2    | Bought a potion of curing for 42 gold pieces
102188 | Shoals:3 | Bought a potion of heal wounds for 95 gold pieces
102188 | Shoals:3 | Bought a potion of invisibility for 152 gold pieces
102188 | Shoals:3 | Bought a potion of berserk rage for 95 gold pieces
102188 | Shoals:3 | Bought a potion of heal wounds for 95 gold pieces
102188 | Shoals:3 | Bought a potion of brilliance for 76 gold pieces
102188 | Shoals:3 | Bought a potion of ambrosia for 152 gold pieces
102188 | Shoals:3 | Bought a potion of resistance for 190 gold pieces
102188 | Shoals:3 | Bought a potion of haste for 190 gold pieces
102188 | Shoals:3 | Bought a potion of resistance for 190 gold pieces
102405 | Orc:1    | Bought a scroll of magic mapping for 49 gold pieces
102405 | Orc:1    | Bought a scroll of fear for 49 gold pieces
102405 | Orc:1    | Bought a scroll of magic mapping for 49 gold pieces
102405 | Orc:1    | Bought a scroll of brand weapon for 280 gold pieces
102405 | Orc:1    | Bought a scroll of fog for 28 gold pieces
102405 | Orc:1    | Bought a scroll of silence for 105 gold pieces
102405 | Orc:1    | Bought a scroll of torment for 105 gold pieces
102405 | Orc:1    | Bought a scroll of vulnerability for 105 gold pieces
102733 | Zig:1    | Entered Level 1 of a ziggurat
102755 | Zig:2    | Entered Level 2 of a ziggurat
102776 | Zig:3    | Entered Level 3 of a ziggurat
102779 | Zig:3    | Identified the amulet "Woel" {Faith Str+3}
102884 | Zig:4    | Entered Level 4 of a ziggurat
102887 | Zig:4    | Identified the +12 trident of Greed {freeze, Fly rC- Dex+4}
102887 | Zig:4    | Identified the +9 falchion of Valiance {antimagic, *Slow
                  | rCorr Str+4}
102961 | Zig:5    | Entered Level 5 of a ziggurat
102998 | Zig:6    | Entered Level 6 of a ziggurat
103003 | Zig:6    | Noticed a royal mummy
103017 | Zig:6    | Killed a royal mummy
103018 | Zig:6    | Identified the ring "Yrchaeve" {Wiz rN++}
103018 | Zig:6    | Identified the +1 pair of gloves "Voful" {-Tele Harm rCorr
                  | Dex+4}
103147 | Zig:7    | Entered Level 7 of a ziggurat
103154 | Zig:7    | Paralysed by a wendigo for 1 turns
103158 | Zig:7    | Identified Sif Muna's Grimoire of Flames and Toxins
103158 | Zig:7    | Identified the +8 hand axe "Nirek" {venom, Contam *Rage
                  | rN+++ Will++ Stlth+}
103159 | Zig:7    | Identified the +9 glaive of the Harvest {venom, rF+}
103160 | Zig:7    | Identified the amulet "Plog" {RegenMP rElec Regen+ Dex+2}
103189 | Zig:8    | Entered Level 8 of a ziggurat
103251 | Zig:8    | Identified the Tome of the Tundras
103251 | Zig:8    | Identified the +0 ring mail "Reiqad" {rF+ rN+}
103258 | Zig:8    | Identified the +6 scale mail of Qoras {Harm SInv Stlth+}
103378 | Zig:9    | Entered Level 9 of a ziggurat
103386 | Zig:9    | Found the +8 Wrath of Trog {antimagic, *Rage Rampage}
103468 | Zig:10   | Entered Level 10 of a ziggurat
103476 | Zig:10   | Identified the ring "Rehyi" {Int+7 Dex+6 Stlth-}
103478 | Zig:10   | Noticed an ancient lich
103483 | Zig:10   | Killed an ancient lich
103583 | Zig:11   | Entered Level 11 of a ziggurat
103589 | Zig:11   | Noticed Ruetz the pandemonium lord
103596 | Zig:11   | Killed Ruetz the pandemonium lord
103597 | Zig:11   | Reached skill level 15 in Armour
103691 | Zig:11   | Identified the amulet "Trusted Companion" {Regen+ Str+4
                  | Dex+4}
103691 | Zig:11   | Identified the Guide on Flight and the Snowflakes
103716 | Zig:12   | Entered Level 12 of a ziggurat
103730 | Zig:12   | Identified the +1 robe of Music {rC+ rN+}
103731 | Zig:12   | Identified the ring of Zinkenuh {Contam rPois rF+ MP+9
                  | Slay+3}
103731 | Zig:12   | Identified the ring "Yrregehu" {+Blink rN+ rCorr Dex+3}
103732 | Zig:12   | Identified the Guide on the Freezing Rocks
103762 | Zig:12   | Acquired 692 gold pieces
103772 | Zig:13   | Entered Level 13 of a ziggurat
103789 | Zig:13   | Reached skill level 15 in Shields
103791 | Zig:13   | Identified the Disquisition on Earthen Heat
103871 | Zig:14   | Entered Level 14 of a ziggurat
103880 | Zig:14   | Identified the +4 scale mail "Cicey" {rCorr Dex+4}
103881 | Zig:14   | Identified the +7 ice dragon scales of Failure {*Slow rF-
                  | rC++ rN+ Will+ Regen+ Int+2}
103886 | Zig:14   | Identified the +7 halberd of Piyr {antimagic, Stlth+}
103953 | Zig:15   | Entered Level 15 of a ziggurat
103974 | Zig:15   | Identified the +6 arbalest "Ugecs" {penet, rN+ Str+4}
103977 | Zig:15   | Reached skill level 15 in Dodging
104007 | Zig:16   | Entered Level 16 of a ziggurat
104079 | Zig:16   | Identified the +1 ring mail of Grace {+Blink Regen+ Str-5
                  | Dex+2}
104079 | Zig:16   | Identified the Volume of the Arsonist and Weightlessness
104133 | Zig:17   | Entered Level 17 of a ziggurat
104152 | Zig:17   | Identified the ring of Lulusch {Fly rF+}
104154 | Zig:17   | Identified the Reference Book on Stones
104154 | Zig:17   | Identified the ring of Lusuoc {Drain Fly Int+2 Dex+3}
104157 | Zig:17   | Identified Sif Muna's Catalogue of Flames and Attacks
104335 | Zig:18   | Entered Level 18 of a ziggurat
104341 | Zig:18   | Noticed Qaezuely the pandemonium lord
104341 | Zig:18   | Noticed Tamaato the pandemonium lord
104342 | Zig:18   | Noticed Fifyill the pandemonium lord
104342 | Zig:18   | Noticed Oruitim the pandemonium lord
104346 | Zig:18   | Noticed Ennoatis the pandemonium lord
104349 | Zig:18   | Noticed Gobyiwul the pandemonium lord
104350 | Zig:18   | Noticed Upeifoh the pandemonium lord
104351 | Zig:18   | Noticed Plog the pandemonium lord
104353 | Zig:18   | Noticed Todim the pandemonium lord
104354 | Zig:18   | Killed Tamaato the pandemonium lord
104366 | Zig:18   | HP: 19/441 [Ennoatis the pandemonium lord (32)]
104367 | Zig:18   | HP: 7/441 [Gobyiwul the pandemonium lord (10)]
104370 | Zig:18   | Mangled by Qaezuely the pandemonium lord

Illustrated notes

Levels and vault maps discovered:
D:1:      dpeg_arrival_three_smaller_balls, layout_basic
D:2:      cheibrodos_helix_gallery, layout_basic,
          ebering_ecumenical_altar_sacrificial, serial_shops,
          nicolae_shop_advertising_works [nicolae_subvault_shop_adworks],
          serial_bayou_pond_d
D:3:      layout_loops_cross, minmay_misc_feat_chi, uniq_natasha, uniq_robin
D:4:      layout_cave_pools
D:5:      layout_cave_pools, led_sif_book, uniq_pikel, uniq_crazy_yiuf_cottage,
          uniq_menkaure
D:6:      layout_cave_pools, temple_fountains, minmay_misc_feat_ornament,
          minivault_5
D:7:      layout_layer_cave, nicolae_uskayaw_dance_studio,
          lightli_bailey_entry_fortress
D:8:      layout_basic, dpeg_lair_monsters, minmay_liquid_box
D:9:      layout_roguey, lemuel_round_altar, erik_orc_4, kennysheep_kite_vault
D:10:     layout_layer_cave, pdpol_wu_jian_five_deadly_venoms,
          grunt_temple_overflow_open, serial_shops, nicolae_shop_hallway_stairs
D:11:     layout_long_grid, gammafunk_ghost_hydra_chop, grunt_ministairs_14,
          minmay_protected_statue
D:12:     layout_loops_ring, minmay_shop_grid_forest, minmay_misc_feat_rugged
D:13:     minmay_the_grid_triangle_9x9_rhombus_thin
          [minmay_the_grid_triangle_9x9_zippers_vertical,
          minmay_the_grid_triangle_9x9_prize_special,
          minmay_the_grid_triangle_9x9_zippers_horizontal,
          minmay_the_grid_triangle_9x9_swiss_cheese], layout_basic,
          serial_shops, nicolae_take_the_stairs, nicolae_stop_n_shop_2,
          nicolae_shop_bloodbath_and_beyond, nicolae_shop_crystal, uniq_snorg
D:14:     layout_stronghold, david_vaults_1, serial_bayou_pond_a,
          minmay_fractal_squares_gapless_7, uniq_agnes
D:15:     gammafunk_enter_depths_forms, layout_long_grid,
          nicolae_trove_entry_free_sample
Temple:   lightli_temple_of_artemis
Lair:1:   layout_hall_layers, grunt_megastairs_2
Lair:2:   layout_regular_city, minmay_snake_entry_six_corridors, uniq_gastronok,
          uniq_maggie
Lair:3:   layout_hall_layers
Lair:4:   layout_long_grid, minmay_shoals_entry_hut, basic_altar,
          gauntlet_entry_generic, uniq_nessos, uniq_urug
Lair:5:   layout_cave_pods, gammafunk_ghost_wrathful_warriors, basic_altar
Lair:6:   wormcave, layout_long_grid, hangedman_lair_caniforms_friends,
          dpeg_slime_entry_corner, serial_bayou_shore_a
Shoals:1: layout_shoals, uniq_frances, uniq_nikola
Shoals:2: nicolae_shoals_lighthouse, layout_shoals,
          nicolae_shoals_nymph_descending_staircase
Shoals:3: layout_shoals, serial_shops, shop, shop, shop, nicolae_shop_crystal,
          nicolae_diamond_shop
Shoals:4: shoals_end_simple, layout_shoals, uniq_polyphemus, uniq_mlioglotl
Snake:1:  layout_concentric_octagons, lemuel_fruit_tree
Snake:2:  layout_basic, nicolae_shop_sticking_my_neck_out, grunt_megastairs_5
Snake:3:  layout_concentric_octagons, serial_shops, shop_statue, uniq_mara
Snake:4:  johnstein_snake_rune_scales, layout_grid_maze, grunt_megastairs_1
Slime:1:  layout_caves
Slime:2:  layout_caves, nicolae_slime_barrier
Slime:3:  cheibrodos_slime_lost_civilization_9, layout_caves
Slime:4:  layout_caves
Slime:5:  uniq_dissolution
Orc:1:    layout_caves, gammafunk_ghost_fury_of_okawaru, serial_shops,
          nicolae_shop_stone, nicolae_shop_stone, nicolae_shop_trees,
          uniq_maurice, uniq_jorgrun
Orc:2:    pf_orc_diabolical, layout_caves
Elf:1:    elf_arrival_001, layout_loops_corners, orc_legates,
          kilobyte_rumbling_trees
Elf:2:    nicolae_elf_blades_splatter_lattice
          [nicolae_blade_entry_diamond_columns], layout_rooms, basic_altar,
          special_room [special_room_orc], grunt_ministairs_9
Elf:3:    minmay_elf_hall_spiked, layout_geoelf_castle,
          ebering_ghost_reflecting_pool, basic_altar, serial_shops, shop
Vaults:1: hangedman_vaults_river_flow, vaults_mumra_chevron_long,
          nicolae_vaults_asterisk, ontoclasm_vaults_claustrophobia,
          vaults_standard_mumra_enter_the_diamond, vaults_room_door_ring,
          v_misc_30, hangedman_vaults_stretched_pinwheel,
          vaults_room_stairs_pillars, v_misc_18, v_misc_12,
          layout_vaults_omnicross
Vaults:2: nicolae_vaults_mini_display_case, ontoclasm_vaults_echo, v_misc_10,
          nicolae_vaults_triangles, v_pattern_5, v_misc_3, v_rooms_5,
          ontoclasm_vaults_loading_screen, vaults_room_door_ring,
          ontoclasm_vaults_ring_large, hangedman_vaults_impose,
          vaults_dpeg_hooks, vaults_room_semicircle, layout_vaults_ring
Vaults:3: grunt_vaults_diagonal, minmay_crypt_entry_necro_gods,
          vaults_room_fancy_cross, v_misc_27, ontoclasm_vaults_twist,
          vaults_room_door_ring, dpeg_vaults_monster_box, serial_ice_m,
          layout_vaults_quadrants, uniq_boris
Vaults:4: nicolae_vaults_shelves_hall, nicolae_vaults_circle_grid_a,
          ontoclasm_vaults_fire_temple, vaults_mumra_chevron,
          nicolae_vaults_specimen_jars, vaults_room_door_hall,
          hangedman_vaults_variations, nicolae_vaults_network_s,
          vaults_room_grid, nicolae_vaults_yaktaur_gun_rack,
          layout_vaults_omnibox
Vaults:5
Crypt:1:  statuecave_lemuel, layout_rooms, st_stairs_3, evilmike_ambush
          [evilmike_ambush_outer_pillars, evilmike_ambush_inner_pond]
Crypt:2:  layout_chaotic_city, grunt_megastairs_4
Crypt:3:  due_elkab, layout_chaotic_city
Depths:1: layout_cave_pools, grunt_metal_band, elyvilon_altar_5
Depths:2: minmay_curly_fans, layout_gridville, nicolae_hell_entry_big_baal_hell,
          grunt_pan_entry_in_and_out, minmay_misc_feat_five, serial_shops,
          nicolae_shop_hallway_plus, nicolae_qazlal_eye_of_the_storm,
          uniq_bai_suzhen
Depths:3: minmay_textured_paths, layout_basic, hell_entry,
          hangedman_decor_riveting, abyss_entry, infiniplex_enter_wizlab_water,
          rand_demon_pan_entry_7, grunt_ministairs_10,
          infiniplex_staircase_zigzag_2
Depths:4: evilmike_zot_entry_hall, layout_cave_shapes, enter_ziggurat_e,
          hell_entry, ashenzari_altar_1, minmay_evil_grid, serial_bayou_shore_b,
          uniq_frederick, uniq_xtahua, uniq_sojobo
Hell
Zot:1:    layout_onion, gammafunk_ghost_ooze, drop_trap, grunt_ministairs_8,
          lemuel_lake_of_fire
Zot:2:    layout_basic
Zot:3:    layout_basic, nicolae_lava_and_water
Zot:4:    layout_basic
Zot:5:    layout_misc_corridors, hellmonk_bargain_basement
Zig:18

Skill      XL: |  1  2  3  4  5  6  7  8  9 10 11 12 13 14 15 16 17 18 19 20 21 22 23 24 25 26 27 |
---------------+----------------------------------------------------------------------------------+-----
Ice Magic      | 4 5 6 7 8 9 10 11 12 13 14 15 16 18 20 22 23 | 23.0
Fighting       | 1 2 4 6 8 9 10 11 12 13 14 15 16 20 | 20.4
Spellcasting   | 3 4 5 6 7 8 9 10 11 12 13 14 15 21 | 21.3
Conjurations   | 3 5 7 8 9 10 11 12 | 12.6
Air Magic      | 3 4 5 6 |  6.7
Dodging        | 3 5 7 8 9 10 11 12 15 | 15.6
Summonings     | 2 3 5 |  5.6
Long Blades    | 1 4 |  4.5
Maces & Flails | 2 4 |  4.7
Shields        | 1 3 4 7 10 12 13 15 | 15.9
Evocations     | 3 6 |  6.0
Armour         | 4 6 9 10 11 12 13 16 | 16.1
Translocations | 2 3 |  3.9
Necromancy     | 7 14 16 19 22 | 22.7
Transmutations | 7 9 12 | 12.4
Earth Magic    | 20 | 20.5
Throwing       | 13 | 13.0
Stealth        | |  1.7

Action                   |  1- 3 |  4- 6 |  7- 9 | 10-12 | 13-15 | 16-18 | 19-21 | 22-24 | 25-27 || total
-------------------------+-------+-------+-------+-------+-------+-------+-------+-------+-------++-------
Melee: Short sword       |    68 |       |       |       |       |       |       |       |       ||    68
       Punch             |     1 |     1 |       |     2 |     1 |       |       |       |       ||     5
       Touch             |     6 |     4 |     1 |    38 |    21 |       |       |       |       ||    70
       Rapier            |     1 |    15 |       |       |       |       |       |       |       ||    16
       Long sword        |       |       |    29 |   173 |    53 |       |       |       |       ||   255
       Staff             |       |       |       |       |    14 |       |       |       |       ||    14
       Flail             |       |       |       |       |   351 |   625 |   800 |   734 |  2199 ||  4709
       Headbutt          |       |       |       |       |       |       |       |     4 |   210 ||   214
 Fire: Hunting sling     |       |   109 |   156 |       |       |       |       |       |       ||   265
Throw: Dart              |       |       |     7 |     2 |       |       |       |       |       ||     9
 Cast: Freeze            |    31 |    19 |    26 |    10 |    14 |       |       |       |       ||   100
       Frozen Ramparts   |     2 |     7 |    20 |    27 |    41 |    13 |    24 |     3 |       ||   137
       Ozocubu's Armour  |       |     1 |    18 |    33 |    46 |    21 |    24 |    26 |    32 ||   201
       Hailstorm         |       |       |    16 |    15 |    12 |    12 |     5 |     3 |       ||    63
       Freezing Cloud    |       |       |       |    86 |   153 |   117 |    88 |    19 |       ||   463
       Lightning Bolt    |       |       |       |     6 |    28 |     3 |       |       |       ||    37
       Summon Lightning  |       |       |       |     5 |    44 |    20 |    10 |     3 |       ||    82
       Ozocubu's Refrige |       |       |       |       |       |    53 |   124 |    38 |    81 ||   296
       Orb of Destructio |       |       |       |       |       |       |    21 |     6 |     4 ||    31
       Polar Vortex      |       |       |       |       |       |       |     7 |   101 |   333 ||   441
       Swiftness         |       |       |       |       |       |       |       |     1 |     1 ||     2
       Passage of Golubr |       |       |       |       |       |       |       |     1 |       ||     1
       Necromutation     |       |       |       |       |       |       |       |       |    56 ||    56
       Shatter           |       |       |       |       |       |       |       |       |    40 ||    40
       Borgnjor's Vile C |       |       |       |       |       |       |       |       |    20 ||    20
       Blink             |       |       |       |       |       |       |       |       |     5 ||     5
       Passwall          |       |       |       |       |       |       |       |       |     3 ||     3
       Death's Door      |       |       |       |       |       |       |       |       |     2 ||     2
       Apportation       |       |       |       |       |       |       |       |       |     1 ||     1
Invok: Curse Item        |       |       |       |     5 |     6 |     3 |     4 |     2 |       ||    20
       Shatter the Chain |       |       |       |       |     6 |       |     4 |       |     1 ||    11
 Abil: End Transformatio |       |       |       |       |       |       |       |       |     3 ||     3
Evoke: Wand              |       |       |       |     2 |     1 |       |       |       |       ||     3
  Use: Scroll            |       |       |     8 |     6 |     5 |    12 |     7 |     6 |     6 ||    50
       Potion            |       |       |     6 |       |       |     3 |     1 |     8 |    27 ||    45
 Stab: Sleeping          |     4 |     1 |       |       |       |     4 |     1 |       |       ||    10
       Distracted        |       |       |       |       |     1 |     2 |     1 |     2 |       ||     6
       Invisible         |       |       |       |       |       |       |       |       |     2 ||     2
Armor: Robe              |    17 |     6 |       |       |       |       |       |       |       ||    23
       Leather armour    |       |     4 |    28 |    94 |    91 |       |       |       |       ||   217
       Fire dragon scale |       |       |       |       |    98 |   342 |   380 |   260 |   922 ||  2002
Dodge: Dodged            |    55 |    39 |    54 |   130 |   205 |   337 |   235 |   240 |   916 ||  2211
Block: Other             |     7 |    14 |    69 |   165 |    68 |       |       |       |       ||   323
       Buckler           |       |       |       |       |   408 |   587 |    56 |       |       ||  1051
       Reflection        |       |       |       |       |    12 |       |       |       |       ||    12
       Kite shield       |       |       |       |       |       |       |  1020 |   931 |  3427 ||  5378
